 Dungeon Crawl Stone Soup version 0.30-a0-169-g06f667207d (webtiles) character file.

Game seed: 13730978068605698717

366660 qw the Hoplite (level 22, -2/153 HPs)
             Began as a Gargoyle Fighter on Sept 29, 2022.
             Was a High Priest of Okawaru.
             Slain by a tengu reaver
             ... wielding a +3 battleaxe
             ... led by Sojobo
              (3 damage)
             ... while paralysed by a floating eye
             ... on level 1 of the Depths.
             The game lasted 00:23:55 (47447 turns).

qw the Hoplite (Gargoyle Fighter)                  Turns: 47447, Time: 00:23:56

Health: -2/153     AC: 56    Str: 40    XL:     22   Next: 57%
Magic:  25/29      EV:  2    Int: 13    God:    Okawaru [*****.]
Gold:   1513       SH:  0    Dex: 20    Spells: 21/21 levels left

rFire   + + .      SeeInvis .    s - +3 broad axe of Dullness {freeze, rCorr Dex+4 Stlth-}
rCold   . . .      Faith    .    w - +3 tower shield "Nefomn" {Contam rF+ Dex+4}
rNeg    + . .      Spirit   .    K - +7 chain mail of Fedhas's Whim {rPois rC- Regen+ Str+7}
rPois   inf        Reflect  +    E - +2 hat
rElec   +          Harm     .    n - +1 cloak "Rash" {rC+ Str+4}
rCorr   +          Rampage  +    I - +2 pair of gloves {Dex+3}
Will    +....                    f - +2 pair of boots {rampage}
Stlth   ..........               l - amulet of reflection
HPRegen 1.15/turn                q - ring "Rurgh" {rF+ AC+4 Int+2}
MPRegen 0.21/turn                y - +4 ring of evasion

@: paralysed, about to teleport, heroic, finesse-ful, marked, flying
A: sickness immunity, AC +16, big wings, negative energy resistance 1,
electricity resistance, torment resistance 1, petrification resistance
}: 2/15 runes: serpentine, barnacled
a: Renounce Religion, Heroism, Finesse, Duel


You were on level 1 of the Depths.
You worshipped Okawaru.
Okawaru was extremely pleased with you.
You visited 8 branches of the dungeon, and saw 39 of its levels.
You visited the Abyss 1 time.
You also visited: Sewer and Gauntlet.

You collected 4173 gold pieces.
You spent 2660 gold pieces at shops.


Innate Abilities, Weirdness & Mutations

You are immune to sickness and miasma.
Your stone body is resilient. (AC +16)
You are immune to poison.
Your large and strong wings let you fly.
You resist negative energy. (rN+)
You are resistant to electric shocks. (rElec)
You are resistant to unholy torment.
You are immune to petrification.


   Skills:
 + Level 20.8(25.8) Fighting
 - Level 18.0(23.0) Axes
 - Level 10.0(15.0) Throwing
 - Level 16.0(21.0) Armour
 - Level 11.0(16.0) Dodging
 - Level 21.0(26.0) Shields
 - Level 10.2 Invocations


You had 21 spell levels left.
You didn't know any spells.
Your spell library was empty.

Inventory:

Hand Weapons
 m - the +5 war axe "Rergheiv" {vorpal, rCorr}
   (Okawaru gifted it to you on level 15 of the Dungeon)

   It inflicts extra damage upon your enemies.
   rCorr:     It protects you from acid and corrosion.
 s - the +3 broad axe of Dullness (weapon) {freeze, rCorr Dex+4 Stlth-}
   (Okawaru gifted it to you on level 3 of the Lair of Beasts)

   It freezes those it strikes, dealing additional cold damage.
   It can also slow down cold-blooded creatures.
   Dex:       It affects your dexterity (+4).
   rCorr:     It protects you from acid and corrosion.
   Stlth:     It makes you less stealthy.
Missiles
 C - 36 javelins (quivered)
Armour
 f - a +2 pair of boots of rampaging (worn)
 j - +0 gold dragon scales
 n - the +1 cloak "Rash" (worn) {rC+ Str+4}
   (You found it in a Gauntlet)

   Str:       It affects your strength (+4).
   rC:        It protects you from cold.
 p - the +7 chain mail of Theory {Fly rC+ MP-9 Dex+4}
   (You found it on level 1 of the Snake Pit)

   Dex:       It affects your dexterity (+4).
   rC:        It protects you from cold.
   MP:        It affects your magic capacity (-9).
   Fly:       It grants you flight.
 w - the +3 tower shield "Nefomn" (worn) {Contam rF+ Dex+4}
   (Okawaru gifted it to you on level 3 of the Vaults)

   Dex:       It affects your dexterity (+4).
   rF:        It protects you from fire.
   Contam:    It causes magical contamination when unequipped.
 E - a +2 hat (worn)
 I - a +2 pair of gloves of dexterity (worn)
 K - the +7 chain mail of Fedhas's Whim (worn) {rPois rC- Regen+ Str+7}
   (You found it on level 2 of the Snake Pit)

   Str:       It affects your strength (+7).
   rC:        It makes you vulnerable to cold.
   rPois:     It protects you from poison.
   Regen:     It increases your rate of health regeneration.
Jewellery
 i - a ring of protection from cold
 l - an amulet of reflection (around neck)
 q - the ring "Rurgh" (left hand) {rF+ AC+4 Int+2}
   (You took it off a minotaur in a Gauntlet)

   [ring of protection]

   AC:        It affects your AC (+4).
   Int:       It affects your intelligence (+2).
   rF:        It protects you from fire.
 u - a ring of protection from cold
 y - a +4 ring of evasion (right hand)
 D - a ring of resist corrosion
 G - the ring "Ytaczoke" {rF+ Stlth+}
   (You bought it in a shop on level 2 of the Orcish Mines)

   [ring of protection from fire]

   rF:        It protects you from fire.
   Stlth:     It makes you more stealthy.
 H - the ring of Haxere {rN++ Will+ rCorr Str-4}
   (You bought it in a shop on level 2 of the Orcish Mines)

   [ring of willpower]

   Str:       It affects your strength (-4).
   rN:        It greatly protects you from negative energy.
   rCorr:     It protects you from acid and corrosion.
   Will:      It increases your willpower.
Scrolls
 a - a scroll of brand weapon
 k - 13 scrolls of identify
 o - a scroll of enchant armour
 r - 2 scrolls of teleportation
 t - 6 scrolls of enchant weapon
Potions
 b - 6 potions of heal wounds
 c - 6 potions of haste
 d - 10 potions of might
 e - 8 potions of curing
 g - 9 potions of attraction
 h - 9 potions of lignification
 v - 3 potions of magic
 x - 5 potions of resistance
 z - 11 potions of mutation
 A - 2 potions of cancellation

Dungeon Overview and Level Annotations

Branches:
Dungeon (15/15)            Temple (1/1) D:5            Lair (5/5) D:9
 Shoals (4/4) Lair:3        Snake (4/4) Lair:3        Slime (0/5) Lair:5
    Orc (2/2) D:9             Elf (0/3) Orc:2        Vaults (4/5) D:14
  Crypt (0/3) Vaults:3     Depths (4/4) D:15            Zot (0/5) Depths:4
  Sewer (visited)         Gauntlet (visited)

Altars:
Ashenzari
Cheibriados
Dithmenos
Elyvilon
Fedhas
Gozag
Hepliaklqana
Kikubaaqudgha
Makhleb
Nemelex Xobeh
Okawaru
Qazlal
Ru
Sif Muna
Trog
Uskayaw
Vehumet
Wu Jian
Xom
Yredelemnul
Zin
The Shining One

Shops:
D:13 *   Orc:1 *:   Orc:2 [*=*   Shoals:2 :   Snake:3 !((   Vaults:3 :
Vaults:4 !

Portals:
Hell: Depths:2 Depths:3 Depths:4
Pandemonium: Orc:2 Depths:2

Annotations:
D:4 2 transporters, qw's ghost, novice GrFi
D:5 2 transporters, qw's ghost, novice GrFi
D:12 1 runed translucent door, Xqipyl's ghost, journeyman GrFE
D:15 2 transporters, Bananafolds's ghost, adept NaVM
Shoals:2 2 transporters, AtomicRavioli's ghost, adept OgFi
Shoals:3 3 runed translucent doors, qw's ghost, adept GrFi
Snake:1 6 transporters
Orc:2 3 runed translucent doors, qw's ghost, adept GrFi
Vaults:2 2 transporters
Vaults:3 3 runed translucent doors, howech's ghost, veteran MiGl
Vaults:4 1 runed translucent door, Adoajy's ghost, adept DsWr
Depths:1 Mara; Sojobo


Message History

The hell knight blinks!
The hell knight completely misses you. You block the hell knight's attack.
The floating eye gazes piercingly through you!
You suddenly lose the ability to move!
Mara blinks!
The hell knight hits you from afar with a +1 demon trident of pain!
The deep troll shaman calls upon its god to strengthen the deep troll.
The deep troll seems to grow stronger.
Mara says, "Thou art lean, ill-favoured, death is in thy neighbourhood!"
The deep troll simulacrum bites you but does no damage.
The deep troll simulacrum claws you but does no damage. x2
The air elemental is engulfed in freezing vapours.
The air elemental hits you but does no damage.
The iron troll simulacrum bites you but does no damage.
The iron troll simulacrum claws you but does no damage. x2
The hell knight's soul is no longer bound.
The air elemental hits you but does no damage.
The hell knight hits you but does no damage. x2
You writhe in agony.
The hell knight barely misses you.
The tengu reaver hits you but does no damage.
The tengu reaver pecks you but does no damage.
The tengu reaver claws you but does no damage.
The air elemental hits you but does no damage.
The hell knight hits you but does no damage.
The tengu reaver hits you with a +3 battleaxe!
The tengu reaver pecks you but does no damage.
The tengu reaver claws you but does no damage.
The hell knight hits you but does no damage. x3
The air elemental hits you.
The air elemental hits you but does no damage.
The tengu reaver hits you but does no damage.
The tengu reaver pecks you but does no damage.
The tengu reaver claws you but does no damage.
The hell knight hits you but does no damage.
The hell knight hits you from afar with a +1 demon trident of pain.
The hell knight barely misses you.
The deep troll earth mage points next to you and mumbles some strange words.
Some rock shatters into small pieces.
The hell knight hits you but does no damage.
The tengu reaver hits you with a +3 battleaxe.
You die...

#......##....#
#######)........###...#
................ #...#
................ #...##
........###########.....
........#~~~~~~~~~#.....
.....C.p................
....?.Z.#~~~~~~~~~#.....
.....ER@.##########.....
.....R@QQTE.... ......


#....ZEpppGTp.. ...... #.....ZpQ¤T.... ...... ##.....Z..CRT(. .......
##......RT.... ..... #............ #######...... You could see Sojobo (repels
missiles), 3 Maras, a frost giant (soul bound), an iron troll (soul bound), 2
tengu reavers, an ettin, a rakshasa, 5 hell knights, 2 deep trolls, a deep troll
earth mage (soul bound), a deep troll shaman (soul bound), a necromancer, 3 air
elementals, a floating eye, qw's illusion, an iron troll simulacrum, a deep
troll simulacrum, a fire giant simulacrum and a deep troll shaman simulacrum.

Vanquished Creatures
  Frederick (Vaults:4)
  Margery (Vaults:4)
  3 caustic shrikes (Depths:4)
  Nikola (Depths:1)
  3 golden dragons
  A bone dragon (Depths:4)
  Rupert (Vaults:4)
  A lich (Depths:4)
  Gastronok (Lair:2)
  2 sphinxes
  Polyphemus (Shoals:3)
  A tentacled starspawn (Abyss:2)
  2 tengu reavers
  3 nagarajas (Snake:4)
  4 frost giants
  5 fire giants
  Ilsuiw (Shoals:2)
  A balrug (Abyss:2)
  9 vault wardens
  Aizul (Snake:2)
  A draconian stormcaller (Depths:4)
  A juggernaut zombie (Depths:2)
  A ghoul (Vaults:3)
  An orc warlord (Vaults:1)
  20 ironbound preservers
  9 very ugly things
  A draconian shifter (Depths:4)
  7 ironbound thunderhulks
  A deep elf demonologist (Vaults:4)
  11 stone giants
  6 vampire knights
  A minotaur (Gauntlet)
  A deep elf annihilator (Vaults:4)
  A red draconian (Depths:4)
  A white draconian (Depths:4)
  12 dire elephants
  A yellow draconian (Depths:4)
  A spark wasp (Depths:2)
  An eidolon (Vaults:3)
  4 ettins
  6 fire dragons
  A crystal guardian (Vaults:3)
  4 merfolk javelineers
  7 yaktaur captains
  Josephine (D:14)
  A jiangshi (Vaults:3)
  2 entropy weavers
  An entropy weaver (shapeshifter) (D:14)
  A deep elf high priest (Vaults:4)
  11 merfolk impalers
  6 great orbs of eyes
  2 rakshasas (D:15)
  6 salamander tyrants
  9 ice dragons
  9 vault guards
  Erica (Lair:2)
  2 peacekeepers (Vaults:3)
  5 hydras
  3 merfolk avatars
  An ogre mage (D:14)
  A spriggan air mage (Depths:4)
  18 centaur warriors
  An alligator snapping turtle (Shoals:2)
  8 anacondas
  7 merfolk aquamancers
  3 demonspawn (Orc:2)
  7 ironbound frosthearts
  A two-headed ogre (D:12)
  12 death yaks
  11 boulder beetles
  3 tengu warriors
  A death knight (D:15)
  4 naga warriors
  2 satyrs
  6 deep troll shamans
  A catoblepas (Shoals:3)
  5 thrashing horrors (Abyss:2)
  5 deep troll earth magi
  2 vampire magi (Depths:4)
  5 orc high priests (Orc:2)
  5 spriggan berserkers
  5 shock serpents
  9 naga sharpshooters
  8 hell knights
  2 sun demons (Abyss:2)
  A titan skeleton (Depths:2)
  2 deep elf knights
  8 iron trolls
  A wretched star (Abyss:2)
  21 sea snakes
  3 salamander mystics
  A sixfirhy (Gauntlet)
  A storm dragon skeleton (Depths:2)
  7 glowing orange brains
  A goliath frog (Lair:5)
  50 deep trolls
  2 flayed ghosts
  4 naga ritualists
  An obsidian statue (D:12)
  4 skeletal warriors (D:12)
  4 wizards
  Pikel (D:8)
  An orange crystal statue (D:12)
  5 deep elf pyromancers
  A kraken simulacrum (Shoals:4)
  A deep elf archer (Vaults:4)
  14 orc knights
  4 phantasmal warriors
  4 necromancers
  11 salamanders
  10 ironbound convokers
  3 mana vipers (Snake:3)
  25 harpies
  5 lindwurms
  36 ugly things
  3 oklob plants (Lair:3)
  A wolf spider (D:12)
  A tengu skeleton (Depths:2)
  8 orc sorcerers
  11 fauns
  A moth of wrath (Gauntlet)
  2 large abominations
  A faun (shapeshifter) (D:15)
  A worldbinder (Abyss:2)
  9 starcursed masses (Abyss:2)
  8 cyclopes
  13 manticores
  An eye of devastation (Depths:1)
  15 elephants (Lair:3)
  16 black mambas
  2 rust devils
  13 vault sentinels
  A guardian serpent (Snake:2)
  A smoke demon (Abyss:2)
  5 water nymphs
  9 merfolk sirens
  16 naga magi
  2 orange demons (Abyss:2)
  4 gargoyles
  An unseen horror (D:11)
  15 cane toads
  21 yaktaurs
  2 rime drakes (Lair:4)
  A hellwing (Orc:2)
  4 freezing wraiths
  An efreet (D:15)
  8 komodo dragons
  A kobold demonologist (D:10)
  19 merfolk
  A red devil (Orc:2)
  2 ice devils (Lair:4)
  6 trolls
  A queen bee (D:9)
  2 wind drakes
  3 meliai (D:14)
  A meliai (shapeshifter) (D:15)
  2 tyrant leeches (Lair:5)
  A polar bear (Lair:3)
  3 hornets
  A tarantella (Vaults:4)
  16 blink frogs
  7 snapping turtles
  18 slime creatures
  A dream sheep (shapeshifter) (Vaults:4)
  4 raiju (Abyss:2)
  A centaur simulacrum (D:12)
  A jumping spider (Vaults:2)
  2 dream sheep (Shoals:2)
  3 flying skulls (Abyss:2)
  A culicivora (Vaults:2)
  12 water elementals
  59 yaks
  3 shadows (Gauntlet)
  2 spriggans (Depths:3)
  5 wraiths
  5 wyverns
  2 ynoxinuls
  2 basilisks
  A redback (Vaults:2)
  A golden eye (Depths:1)
  A chaos spawn (Orc:2)
  13 vampire mosquitoes
  Menkaure (D:7)
  3 wargs
  47 nagas
  23 water moccasins
  2 floating eyes
  A glowing shapeshifter skeleton (Depths:2)
  6 small abominations (Abyss:2)
  2 ice beasts
  53 orc warriors
  A sky beast (D:8)
  4 black bears
  6 boggarts
  5 ogres
  15 wolves
  5 centaurs
  A phantom (D:4)
  23 bullfrogs
  6 necrophages
  4 kobold brigands
  2 wyvern zombies (D:7)
  A scorpion (D:7)
  9 wights
  24 killer bees
  5 electric eels
  7 howler monkeys
  A centaur zombie (D:7)
  A human zombie (D:7)
  27 orc priests
  5 hounds
  A jelly (D:6)
  2 iguanas
  2 iron imps (Gauntlet)
  A gnoll bouda (D:9)
  22 orc wizards
  A killer bee zombie (D:7)
  2 mummies (D:7)
  7 gnolls
  8 adders
  A river rat (D:5)
  3 shadow imps
  4 white imps
  4 ufetubi
  3 worms
  3 dart slugs
  82 orcs
  13 endoplasms
  10 giant cockroaches
  12 goblins
  3 hobgoblins
  6 jackals
  11 kobolds
  14 quokkas
  11 ball pythons
  4 bats
  11 frilled lizards
  3 rats
1502 creatures vanquished.

Vanquished Creatures (others)
  A nagaraja (Snake:4)
  A naga warrior (Snake:2)
  A deep troll (Depths:4)
  A naga (Snake:1)
  A jelly (D:6)
  A bush (Lair:2)
  14 demonic plants (Gauntlet)
  39 fungi
  142 plants
  2 starspawn tentacles (Abyss:2)
  4 tentacles (Shoals:4)
207 creatures vanquished.

Grand Total: 1709 creatures vanquished

Notes
Turn   | Place    | Note
-------+----------+-------------------------------------------
     0 | D:1      | qw the Gargoyle Fighter began the quest for the Orb.
     0 | D:1      | Reached XP level 1. HP: 14/14 MP: 1/1
     0 | D:1      | 0 ||| qw: Version: 0.2-a-12-gaebbb33
     0 | D:1      | 0 ||| qw: Game counter: 1358
     0 | D:1      | 0 ||| qw: Always use a shield: true
     0 | D:1      | 0 ||| qw: God list: Okawaru
     0 | D:1      | 0 ||| qw: Allow faded altars: false
     0 | D:1      | 0 ||| qw: Do Orc after D:15 true
     0 | D:1      | 0 ||| qw: Do second Lair branch before Depths: true
     0 | D:1      | 0 ||| qw: Lair rune preference: random
     0 | D:1      | 0 ||| qw: Plans: Normal, Zot:1-4, God:TSO, Crypt, Tomb,
                  | Pan, Slime:5, Hells, Abyss, Orb
     0 | D:1      | 0 ||| PLANNING D:1-11
   335 | D:1      | 335 ||| Stepping ~*~*~tactically~*~*~ (stealth).
   449 | D:1      | 449 ||| Stepping ~*~*~tactically~*~*~ (stealth).
   451 | D:1      | 451 ||| Stepping ~*~*~tactically~*~*~ (stealth).
   453 | D:1      | 453 ||| Stepping ~*~*~tactically~*~*~ (stealth).
   459 | D:1      | Reached XP level 2. HP: 11/19 MP: 2/2
  1299 | D:1      | 1299 ||| READING scroll labelled YLOAGAHEEPS.
  1300 | D:1      | 1300 ||| READING 2 scrolls labelled KAKUH WIRAL.
  1338 | D:1      | 1338 ||| DRINKING 3 coppery potions.
  1339 | D:1      | 1339 ||| DROPPING scroll of torment.
  1376 | D:2      | 1376 ||| STAIRDANCE
  1421 | D:2      | 1421 ||| STAIRDANCE
  1425 | D:1      | Reached skill level 3 in Axes
  1570 | D:2      | Reached XP level 3. HP: 19/23 MP: 3/3
  2374 | D:2      | Reached XP level 4. HP: 27/28 MP: 4/4
  2500 | D:2      | 2500 ||| UPGRADING to +0 pair of gloves of hurling.
  2505 | D:2      | 2505 ||| UPGRADING to +2 pair of boots of rampaging.
  2510 | D:2      | 2510 ||| READING scroll labelled CYUNNO BARROJAISH.
  2513 | D:2      | 2513 ||| READING 2 scrolls labelled MUKKOF ZYMI.
  2514 | D:2      | 2514 ||| READING scroll of enchant weapon.
  2514 | D:2      | 2514 ||| ENCHANTING +1 war axe.
  2667 | D:3      | Found a faded altar of an unknown god.
  2825 | D:3      | 2825 ||| DROPPING +0 whip.
  2944 | D:3      | 2944 ||| Stepping ~*~*~tactically~*~*~ (stealth).
  2944 | D:3      | Noticed a black bear
  2956 | D:3      | HP: 5/28 [gnoll/+1 flail of pain (3)]
  2962 | D:3      | Killed a black bear
  2963 | D:3      | Reached XP level 5. HP: 5/32 MP: 5/5
  3226 | D:3      | 3226 ||| DROPPING +0 flail.
  3516 | D:3      | 3516 ||| Stepping ~*~*~tactically~*~*~ (stealth).
  3519 | D:3      | 3519 ||| Stepping ~*~*~tactically~*~*~ (stealth).
  3632 | D:3      | 3632 ||| UPGRADING to ring of protection from cold.
  3633 | D:3      | 3633 ||| READING scroll labelled GIXEACVARUY.
  3634 | D:3      | 3634 ||| READING scroll labelled WAVEEM YDWUUGY.
  3635 | D:3      | 3635 ||| READING scroll labelled HEINNO QIYQE.
  3636 | D:3      | 3636 ||| DRINKING 2 puce potions.
  3737 | D:3      | 3737 ||| DROPPING potion of ambrosia.
  3772 | D:4      | Found a transporter.
  3776 | D:4      | Noticed qw's ghost (novice GrFi)
  3779 | D:4      | Found a transporter.
  3790 | D:4      | 3790 ||| Stepping ~*~*~tactically~*~*~ (stealth).
  3794 | D:4      | Noticed an ogre
  3796 | D:4      | Reached XP level 6. HP: 38/38 MP: 6/6
  4047 | D:4      | Reached skill level 1 in Dodging
  4047 | D:4      | 4047 ||| FLEEEEING.
  4048 | D:4      | 4048 ||| FLEEEEING.
  4049 | D:4      | 4049 ||| FLEEEEING.
  4050 | D:4      | 4050 ||| FLEEEEING.
  4051 | D:4      | 4051 ||| FLEEEEING.
  4052 | D:4      | 4052 ||| FLEEEEING.
  4053 | D:4      | 4053 ||| FLEEEEING.
  4054 | D:4      | 4054 ||| FLEEEEING.
  4055 | D:4      | 4055 ||| FLEEEEING.
  4056 | D:4      | 4056 ||| FLEEEEING.
  4057 | D:4      | 4057 ||| FLEEEEING.
  4058 | D:4      | 4058 ||| FLEEEEING.
  4059 | D:4      | 4059 ||| FLEEEEING.
  4060 | D:4      | 4060 ||| FLEEEEING.
  4061 | D:4      | 4061 ||| FLEEEEING.
  4062 | D:4      | 4062 ||| FLEEEEING.
  4064 | D:4      | 4064 ||| STAIRDANCE
  4201 | D:3      | 4201 ||| UPGRADING to amulet of reflection.
  4206 | D:3      | 4206 ||| READING scroll labelled TEAV WAPYCARGH.
  4207 | D:3      | 4207 ||| READING 2 scrolls of identify.
  4207 | D:3      | 4207 ||| IDENTIFYING sedimented white potion
  4210 | D:4      | 4210 ||| STAIRDANCE
  4294 | D:4      | 4294 ||| STAIRDANCE
  4299 | D:3      | 4299 ||| UPGRADING to +0 chain mail.
  4309 | D:3      | 4309 ||| DROPPING +0 scale mail.
  4313 | D:4      | 4313 ||| STAIRDANCE
  4548 | D:4      | 4548 ||| UPGRADING to +0 kite shield.
  4558 | D:4      | 4558 ||| DROPPING +0 buckler.
  4559 | D:4      | 4559 ||| READING scroll labelled WUITUMPACRA.
  4560 | D:4      | 4560 ||| READING scroll labelled DUSHI VEUBOH.
  4563 | D:5      | Entered Level 5 of the Dungeon
  4564 | D:5      | 4564 ||| PLANNING SEWER
  4601 | D:5      | Reached XP level 7. HP: 39/43 MP: 7/7
  4655 | D:5      | Found a transporter.
  4663 | D:5      | Noticed a troll
  4672 | D:5      | Killed a troll
  4673 | D:5      | Reached skill level 5 in Shields
  4681 | D:5      | Reached skill level 6 in Axes
  4686 | D:5      | 4686 ||| FLEEEEING.
  4687 | D:5      | 4687 ||| FLEEEEING.
  4691 | D:5      | 4691 ||| FLEEEEING.
  4692 | D:5      | 4692 ||| FLEEEEING.
  4693 | D:5      | 4693 ||| FLEEEEING.
  4694 | D:5      | 4694 ||| FLEEEEING.
  4695 | D:5      | 4695 ||| FLEEEEING.
  4696 | D:5      | 4696 ||| FLEEEEING.
  4697 | D:5      | 4697 ||| FLEEEEING.
  4698 | D:5      | 4698 ||| FLEEEEING.
  4699 | D:5      | 4699 ||| FLEEEEING.
  4700 | D:5      | 4700 ||| FLEEEEING.
  4701 | D:5      | 4701 ||| Stepping ~*~*~tactically~*~*~ (hiding).
  4776 | D:5      | Found a transporter.
  4777 | D:5      | Found a staircase to the Ecumenical Temple.
  4779 | D:5      | Noticed qw's ghost (novice GrFi)
  4803 | D:5      | 4803 ||| Stepping ~*~*~tactically~*~*~ (stealth).
  4817 | D:5      | Found a glowing drain.
  4823 | D:5      | 4823 ||| FLEEEEING.
  4824 | D:5      | 4824 ||| FLEEEEING.
  4825 | D:5      | 4825 ||| FLEEEEING.
  4826 | D:5      | 4826 ||| FLEEEEING.
  4836 | D:5      | Reached skill level 6 in Shields
  4836 | D:5      | Reached XP level 8. HP: 48/48 MP: 8/8
  4843 | Sewer    | Entered a sewer
  4996 | Sewer    | 4996 ||| Stepping ~*~*~tactically~*~*~ (water).
  5045 | Sewer    | 5045 ||| Stepping ~*~*~tactically~*~*~ (stealth).
  5056 | Sewer    | 5056 ||| Stepping ~*~*~tactically~*~*~ (water).
  5144 | Sewer    | 5144 ||| Stepping ~*~*~tactically~*~*~ (stealth).
  5146 | Sewer    | 5146 ||| Stepping ~*~*~tactically~*~*~ (stealth).
  5209 | Sewer    | 5209 ||| READING scroll of enchant weapon.
  5209 | Sewer    | 5209 ||| ENCHANTING +2 war axe of freezing.
  5215 | Sewer    | 5215 ||| DRINKING 2 smoky grey potions.
  5230 | D:5      | 5230 ||| PLANNING TEMPLE
  5243 | D:5      | 5243 ||| Stepping ~*~*~tactically~*~*~ (stealth).
  5244 | D:5      | 5244 ||| Stepping ~*~*~tactically~*~*~ (stealth).
  5288 | Temple   | Entered the Ecumenical Temple
  5319 | Temple   | 5319 ||| PLANNING OKAWARU WORSHIP
  5468 | Temple   | Became a worshipper of Warmaster Okawaru
  5469 | Temple   | 5469 ||| PLANNING D:1-11
  5679 | D:5      | 5679 ||| FLEEEEING.
  5685 | D:5      | 5685 ||| Stepping ~*~*~tactically~*~*~ (hiding).
  6028 | D:5      | 6028 ||| Stepping ~*~*~tactically~*~*~ (stealth).
  6402 | D:5      | 6402 ||| DROPPING ring of flight.
  6403 | D:5      | 6403 ||| READING 2 scrolls of identify.
  6403 | D:5      | 6403 ||| IDENTIFYING brown potion
  6437 | D:6      | Reached skill level 7 in Shields
  6456 | D:6      | 6456 ||| Stepping randomly (cloudy).
  6457 | D:6      | 6457 ||| Stepping randomly (stuck).
  6458 | D:6      | 6458 ||| Stepping randomly (stuck).
  6459 | D:6      | 6459 ||| Stepping randomly (cloudy).
  6474 | D:6      | 6474 ||| Stepping randomly (stuck).
  6475 | D:6      | 6475 ||| FLEEEEING.
  6476 | D:6      | 6476 ||| FLEEEEING.
  6479 | D:6      | 6479 ||| FLEEEEING.
  6480 | D:6      | 6480 ||| FLEEEEING.
  6481 | D:6      | 6481 ||| FLEEEEING.
  6482 | D:6      | 6482 ||| FLEEEEING.
  6483 | D:6      | 6483 ||| FLEEEEING.
  6484 | D:6      | 6484 ||| FLEEEEING.
  6490 | D:6      | 6490 ||| FLEEEEING.
  6492 | D:6      | 6492 ||| FLEEEEING.
  6493 | D:6      | 6493 ||| STAIRDANCE
  6691 | D:6      | 6691 ||| Stepping ~*~*~tactically~*~*~ (hiding).
  6698 | D:6      | Reached * piety under Okawaru
  6753 | D:6      | 6753 ||| INVOKING Heroism.
  6754 | D:6      | 6754 ||| INVOKING Heroism.
  6755 | D:6      | 6755 ||| INVOKING Heroism.
  6758 | D:6      | 6758 ||| DRINKING 2 potions of curing.
  6758 | D:6      | 6758 ||| (to cure confusion)
  6761 | D:6      | Reached skill level 1 in Invocations
  6761 | D:6      | Reached XP level 9. HP: 50/54 MP: 6/10
  6841 | D:6      | 6841 ||| Stepping ~*~*~tactically~*~*~ (hiding).
  6845 | D:6      | 6845 ||| Stepping ~*~*~tactically~*~*~ (hiding).
  6848 | D:6      | 6848 ||| INVOKING Heroism.
  7535 | D:6      | 7535 ||| UPGRADING to +0 plate armour.
  7545 | D:6      | 7545 ||| DROPPING +0 chain mail.
  7546 | D:6      | 7546 ||| READING scroll labelled ATWI UNLIO.
  7547 | D:6      | 7547 ||| READING 2 scrolls of identify.
  7547 | D:6      | 7547 ||| IDENTIFYING fuming pink potion
  7548 | D:6      | 7548 ||| DROPPING potion of flight.
  7582 | D:7      | Noticed Menkaure
  7583 | D:7      | 7583 ||| INVOKING Heroism.
  7584 | D:7      | 7584 ||| Stepping ~*~*~tactically~*~*~ (hiding).
  7584 | D:7      | Noticed a hornet
  7585 | D:7      | 7585 ||| Stepping ~*~*~tactically~*~*~ (stealth).
  7597 | D:7      | Killed a hornet
  7597 | D:7      | Killed Menkaure
  7598 | D:7      | Reached skill level 3 in Invocations
  7782 | D:7      | 7782 ||| DROPPING +1 flail of pain.
  7787 | D:7      | Reached ** piety under Okawaru
  7827 | D:7      | Found a basalt altar of Yredelemnul.
  7851 | D:7      | Reached skill level 6 in Fighting
  8109 | D:7      | 8109 ||| INVOKING Heroism.
  8121 | D:7      | Reached skill level 8 in Shields
  8537 | D:7      | 8537 ||| READING scroll labelled EMEMMO TUIF.
  8538 | D:7      | 8538 ||| READING 2 scrolls of identify.
  8538 | D:7      | 8538 ||| IDENTIFYING cyan potion
  8539 | D:7      | 8539 ||| DROPPING potion of brilliance.
  8663 | D:8      | Reached skill level 9 in Axes
  8663 | D:8      | Reached XP level 10. HP: 56/60 MP: 13/13
  8700 | D:8      | 8700 ||| Stepping ~*~*~tactically~*~*~ (hiding).
  8761 | D:8      | 8761 ||| INVOKING Heroism.
  8767 | D:8      | Reached *** piety under Okawaru
  8768 | D:8      | Reached skill level 6 in Armour
  8960 | D:8      | 8960 ||| Stepping ~*~*~tactically~*~*~ (stealth).
  8961 | D:8      | 8961 ||| Stepping ~*~*~tactically~*~*~ (stealth).
  8989 | D:8      | Noticed Pikel
  8990 | D:8      | 8990 ||| INVOKING Heroism.
  8996 | D:8      | Killed Pikel
  9056 | D:8      | 9056 ||| INVOKING Heroism.
  9066 | D:8      | Reached skill level 9 in Shields
  9296 | D:8      | 9296 ||| READING scroll of enchant armour.
  9296 | D:8      | 9296 ||| ENCHANTING +0 pair of gloves of hurling.
  9302 | D:8      | 9302 ||| READING 2 scrolls of identify.
  9302 | D:8      | 9302 ||| IDENTIFYING green potion
  9424 | D:9      | 9424 ||| Stepping ~*~*~tactically~*~*~ (stealth).
  9426 | D:9      | 9426 ||| Stepping ~*~*~tactically~*~*~ (hiding).
  9430 | D:9      | 9430 ||| INVOKING Heroism.
  9444 | D:9      | 9444 ||| Stepping ~*~*~tactically~*~*~ (hiding).
  9453 | D:9      | 9453 ||| Stepping ~*~*~tactically~*~*~ (stealth).
  9457 | D:9      | 9457 ||| Stepping ~*~*~tactically~*~*~ (stealth).
  9495 | D:9      | 9495 ||| INVOKING Heroism.
  9518 | D:9      | 9518 ||| INVOKING Heroism.
  9526 | D:9      | Reached **** piety under Okawaru
  9784 | D:9      | Found a flagged portal.
  9827 | D:9      | 9827 ||| Stepping ~*~*~tactically~*~*~ (stealth).
  9834 | D:9      | 9834 ||| Stepping ~*~*~tactically~*~*~ (stealth).
  9852 | D:9      | 9852 ||| INVOKING Heroism.
  9861 | D:9      | Reached XP level 11. HP: 40/68 MP: 12/15
  9896 | D:9      | 9896 ||| INVOKING Heroism.
  9909 | D:9      | 9909 ||| Stepping ~*~*~tactically~*~*~ (stealth).
 10048 | D:9      | 10048 ||| Stepping ~*~*~tactically~*~*~ (stealth).
 10058 | D:9      | 10058 ||| INVOKING Heroism.
 10061 | D:9      | Reached skill level 6 in Invocations
 10149 | D:9      | 10149 ||| READING scroll of enchant weapon.
 10149 | D:9      | 10149 ||| ENCHANTING +3 war axe of freezing.
 10281 | D:9      | 10281 ||| READING scroll of enchant weapon.
 10281 | D:9      | 10281 ||| ENCHANTING +4 war axe of freezing.
 10368 | D:9      | Found a staircase to the Lair.
 10468 | D:9      | 10468 ||| Stepping ~*~*~tactically~*~*~ (stealth).
 10470 | D:9      | 10470 ||| INVOKING Heroism.
 10472 | D:9      | 10472 ||| Stepping ~*~*~tactically~*~*~ (stealth).
 10485 | D:9      | Reached ***** piety under Okawaru
 10548 | D:9      | 10548 ||| INVOKING Heroism.
 10593 | D:9      | 10593 ||| INVOKING Heroism.
 10660 | D:9      | Found a staircase to the Orcish Mines.
 10668 | D:9      | 10668 ||| PLANNING LAIR
 10668 | D:9      | 10668 ||| READING scroll labelled LOULUONOUNI.
 10750 | Lair:1   | Entered Level 1 of the Lair of Beasts
 10975 | Lair:1   | 10975 ||| INVOKING Heroism.
 10982 | Lair:1   | Reached skill level 1 in Throwing
 11452 | Lair:1   | Noticed a death yak
 11452 | Lair:1   | Noticed a death yak
 11452 | Lair:1   | Noticed a death yak
 11453 | Lair:1   | 11453 ||| Stepping ~*~*~tactically~*~*~ (stealth).
 11454 | Lair:1   | 11454 ||| INVOKING Heroism.
 11454 | Lair:1   | Noticed a death yak
 11455 | Lair:1   | 11455 ||| INVOKING Finesse.
 11458 | Lair:1   | Noticed a death yak
 11471 | Lair:1   | Killed a death yak
 11471 | Lair:1   | Received a gift from Okawaru
 11471 | Lair:1   | Killed a death yak
 11480 | Lair:1   | Killed a death yak
 11486 | Lair:1   | Killed a death yak
 11486 | Lair:1   | Received a gift from Okawaru
 11487 | Lair:1   | Reached skill level 9 in Invocations
 11491 | Lair:1   | Killed a death yak
 11703 | Lair:1   | 11703 ||| SWAPPING to +1 broad axe of freezing.
 11704 | Lair:1   | 11704 ||| DROPPING +5 war axe of freezing.
 11843 | Lair:1   | 11843 ||| INVOKING Heroism.
 11848 | Lair:1   | Reached XP level 12. HP: 73/73 MP: 16/19
 11969 | Lair:1   | 11969 ||| DROPPING amulet of guardian spirit.
 12032 | Lair:2   | Noticed a boulder beetle
 12033 | Lair:2   | 12033 ||| INVOKING Heroism.
 12034 | Lair:2   | 12034 ||| INVOKING Finesse.
 12048 | Lair:2   | Killed a boulder beetle
 12106 | Lair:2   | Noticed Gastronok
 12107 | Lair:2   | 12107 ||| Stepping ~*~*~tactically~*~*~ (hiding).
 12114 | Lair:2   | 12114 ||| Stepping ~*~*~tactically~*~*~ (hiding).
 12116 | Lair:2   | 12116 ||| Stepping ~*~*~tactically~*~*~ (hiding).
 12120 | Lair:2   | 12120 ||| INVOKING Heroism.
 12132 | Lair:2   | Killed Gastronok
 12206 | Lair:2   | 12206 ||| Stepping ~*~*~tactically~*~*~ (stealth).
 12208 | Lair:2   | 12208 ||| Stepping ~*~*~tactically~*~*~ (stealth).
 12210 | Lair:2   | 12210 ||| INVOKING Heroism.
 12214 | Lair:2   | Reached skill level 3 in Throwing
 12237 | Lair:2   | Reached skill level 10 in Shields
 12290 | Lair:2   | Noticed Erica
 12291 | Lair:2   | 12291 ||| Stepping ~*~*~tactically~*~*~ (stealth).
 12294 | Lair:2   | 12294 ||| INVOKING Heroism.
 12295 | Lair:2   | 12295 ||| INVOKING Finesse.
 12299 | Lair:2   | Received a gift from Okawaru
 12308 | Lair:2   | Killed Erica
 12309 | Lair:2   | Reached skill level 9 in Fighting
 12357 | Lair:2   | 12357 ||| DROPPING +2 war axe of electrocution.
 12591 | Lair:2   | 12591 ||| FLEEEEING.
 12593 | Lair:2   | 12593 ||| FLEEEEING.
 12594 | Lair:2   | 12594 ||| INVOKING Heroism.
 12927 | Lair:2   | 12927 ||| READING scroll labelled UWNOHO FOC.
 12927 | Lair:2   | Identified a scroll of acquirement
 12927 | Lair:2   | 12927 ||| ACQUIRING +1 tower shield of positive energy
 12927 | Lair:2   | Acquired a +1 tower shield of positive energy
 12929 | Lair:2   | 12929 ||| UPGRADING to +1 tower shield of positive energy.
 12939 | Lair:2   | 12939 ||| DROPPING +0 kite shield.
 12940 | Lair:2   | 12940 ||| DRINKING 2 fizzy pink potions.
 12941 | Lair:2   | 12941 ||| DROPPING potion of degeneration.
 12990 | Lair:3   | Found a staircase to the Snake Pit.
 12991 | Lair:3   | 12991 ||| Stepping ~*~*~tactically~*~*~ (hiding).
 12993 | Lair:3   | 12993 ||| Stepping ~*~*~tactically~*~*~ (hiding).
 13004 | Lair:3   | 13004 ||| INVOKING Heroism.
 13089 | Lair:3   | 13089 ||| FLEEEEING.
 13097 | Lair:3   | 13097 ||| STAIRDANCE
 13193 | Lair:3   | 13193 ||| INVOKING Heroism.
 13259 | Lair:3   | 13259 ||| Stepping ~*~*~tactically~*~*~ (stealth).
 13272 | Lair:3   | 13272 ||| Stepping ~*~*~tactically~*~*~ (stealth).
 13332 | Lair:3   | 13332 ||| INVOKING Heroism.
 13333 | Lair:3   | 13333 ||| INVOKING Finesse.
 13339 | Lair:3   | Paralysed by a floating eye for 2 turns
 13347 | Lair:3   | Paralysed by a floating eye for 4 turns
 13365 | Lair:3   | Reached skill level 11 in Shields
 13372 | Lair:3   | 13372 ||| INVOKING Heroism.
 13378 | Lair:3   | Identified the +3 broad axe of Dullness {freeze, rCorr
                  | Dex+4 Stlth-} (Okawaru gifted it to you on level 3 of the
                  | Lair of Beasts)
 13378 | Lair:3   | Received a gift from Okawaru
 13587 | Lair:3   | 13587 ||| INVOKING Heroism.
 13588 | Lair:3   | 13588 ||| INVOKING Finesse.
 13611 | Lair:3   | Reached skill level 12 in Shields
 13749 | Lair:3   | 13749 ||| SWAPPING to +3 broad axe of Dullness {freeze,
                  | rCorr Dex+4 Stlth-}.
 13750 | Lair:3   | 13750 ||| DROPPING +1 broad axe of freezing.
 13793 | Lair:3   | 13793 ||| INVOKING Heroism.
 13795 | Lair:3   | 13795 ||| Stepping ~*~*~tactically~*~*~ (water).
 13799 | Lair:3   | Reached XP level 13. HP: 77/80 MP: 18/20
 13799 | Lair:3   | 13799 ||| Stepping ~*~*~tactically~*~*~ (water).
 13808 | Lair:3   | 13808 ||| Stepping ~*~*~tactically~*~*~ (water).
 14007 | Lair:3   | 14007 ||| INVOKING Heroism.
 14012 | Lair:3   | Reached skill level 13 in Shields
 14052 | Lair:3   | 14052 ||| INVOKING Heroism.
 14145 | Lair:3   | 14145 ||| INVOKING Heroism.
 14312 | Lair:3   | Found a staircase to the Shoals.
 14353 | Lair:3   | 14353 ||| Stepping ~*~*~tactically~*~*~ (stealth).
 14441 | Lair:3   | 14441 ||| Stepping ~*~*~tactically~*~*~ (stealth).
 14639 | Lair:3   | 14639 ||| DRINKING 2 fuming cyan potions.
 14743 | Lair:3   | 14743 ||| DROPPING potion of berserk rage.
 14766 | Lair:4   | 14766 ||| STAIRDANCE
 14768 | Lair:3   | 14768 ||| INVOKING Heroism.
 14782 | Lair:4   | 14782 ||| STAIRDANCE
 14862 | Lair:4   | 14862 ||| STAIRDANCE
 14864 | Lair:3   | 14864 ||| INVOKING Heroism.
 14867 | Lair:3   | Reached skill level 14 in Shields
 14869 | Lair:3   | Received a gift from Okawaru
 15014 | Lair:4   | 15014 ||| STAIRDANCE
 15016 | Lair:3   | 15016 ||| INVOKING Heroism.
 15067 | Lair:3   | 15067 ||| INVOKING Heroism.
 15187 | Lair:4   | 15187 ||| STAIRDANCE
 15197 | Lair:3   | Identified the +9 great sword "Huevous" {venom, Fly rElec
                  | rC- SInv} (Okawaru gifted it to you on level 3 of the Lair
                  | of Beasts)
 15197 | Lair:3   | Received a gift from Okawaru
 15197 | Lair:3   | Reached ****** piety under Okawaru
 15345 | Lair:4   | 15345 ||| Stepping ~*~*~tactically~*~*~ (stealth).
 15348 | Lair:4   | 15348 ||| INVOKING Heroism.
 15540 | Lair:4   | 15540 ||| Stepping ~*~*~tactically~*~*~ (hiding).
 15542 | Lair:4   | 15542 ||| Stepping ~*~*~tactically~*~*~ (hiding).
 15547 | Lair:4   | 15547 ||| INVOKING Heroism.
 15557 | Lair:4   | 15557 ||| Stepping ~*~*~tactically~*~*~ (stealth).
 15612 | Lair:4   | 15612 ||| Stepping ~*~*~tactically~*~*~ (stealth).
 15613 | Lair:4   | 15613 ||| Stepping ~*~*~tactically~*~*~ (stealth).
 15641 | Lair:4   | 15641 ||| Stepping ~*~*~tactically~*~*~ (stealth).
 15642 | Lair:4   | 15642 ||| Stepping ~*~*~tactically~*~*~ (stealth).
 15651 | Lair:4   | 15651 ||| Stepping ~*~*~tactically~*~*~ (stealth).
 15667 | Lair:4   | 15667 ||| INVOKING Heroism.
 15668 | Lair:4   | 15668 ||| INVOKING Finesse.
 15670 | Lair:4   | 15670 ||| SWAPPING to +0 morningstar.
 15681 | Lair:4   | 15681 ||| SWAPPING to +3 broad axe of Dullness {freeze,
                  | rCorr Dex+4 Stlth-}.
 15843 | Lair:4   | 15843 ||| INVOKING Heroism.
 15884 | Lair:4   | 15884 ||| Stepping ~*~*~tactically~*~*~ (stealth).
 15900 | Lair:4   | Reached skill level 12 in Axes
 16102 | Lair:4   | 16102 ||| DROPPING +4 chain mail.
 16139 | Lair:5   | Entered Level 5 of the Lair of Beasts
 16155 | Lair:5   | 16155 ||| INVOKING Heroism.
 16176 | Lair:5   | 16176 ||| INVOKING Finesse.
 16180 | Lair:5   | 16180 ||| SWAPPING to +0 morningstar.
 16184 | Lair:5   | 16184 ||| SWAPPING to +3 broad axe of Dullness {freeze,
                  | rCorr Dex+4 Stlth-}.
 16269 | Lair:5   | 16269 ||| Stepping ~*~*~tactically~*~*~ (stealth).
 16270 | Lair:5   | 16270 ||| Stepping ~*~*~tactically~*~*~ (stealth).
 16274 | Lair:5   | 16274 ||| INVOKING Heroism.
 16292 | Lair:5   | 16292 ||| Stepping ~*~*~tactically~*~*~ (stealth).
 16317 | Lair:5   | 16317 ||| Stepping ~*~*~tactically~*~*~ (stealth).
 16320 | Lair:5   | 16320 ||| INVOKING Heroism.
 16321 | Lair:5   | 16321 ||| INVOKING Finesse.
 16323 | Lair:5   | 16323 ||| SWAPPING to +0 morningstar.
 16340 | Lair:5   | 16340 ||| SWAPPING to +3 broad axe of Dullness {freeze,
                  | rCorr Dex+4 Stlth-}.
 16370 | Lair:5   | 16370 ||| INVOKING Heroism.
 16429 | Lair:5   | Identified the +0 pair of gloves "Syupt" {Rampage Int+2}
                  | (Okawaru gifted it to you on level 5 of the Lair of Beasts)
 16429 | Lair:5   | Received a gift from Okawaru
 16451 | Lair:5   | 16451 ||| INVOKING Heroism.
 16459 | Lair:5   | Gained mutation: Your large and strong wings let you fly.
                  | [Gargoyle growth]
 16459 | Lair:5   | Reached XP level 14. HP: 79/86 MP: 19/21
 16460 | Lair:5   | Reached skill level 9 in Armour
 16468 | Lair:5   | 16468 ||| Stepping ~*~*~tactically~*~*~ (stealth).
 16469 | Lair:5   | 16469 ||| Stepping ~*~*~tactically~*~*~ (stealth).
 16573 | Lair:5   | 16573 ||| INVOKING Heroism.
 16624 | Lair:5   | 16624 ||| INVOKING Heroism.
 16688 | Lair:5   | 16688 ||| FLEEEEING.
 16689 | Lair:5   | 16689 ||| FLEEEEING.
 16716 | Lair:5   | 16716 ||| Stepping ~*~*~tactically~*~*~ (stealth).
 16723 | Lair:5   | 16723 ||| Stepping ~*~*~tactically~*~*~ (stealth).
 16773 | Lair:5   | 16773 ||| Stepping ~*~*~tactically~*~*~ (stealth).
 16774 | Lair:5   | 16774 ||| Stepping ~*~*~tactically~*~*~ (stealth).
 16846 | Lair:5   | 16846 ||| Stepping ~*~*~tactically~*~*~ (stealth).
 16910 | Lair:5   | 16910 ||| Stepping ~*~*~tactically~*~*~ (stealth).
 16922 | Lair:5   | 16922 ||| Stepping ~*~*~tactically~*~*~ (stealth).
 16927 | Lair:5   | 16927 ||| Stepping ~*~*~tactically~*~*~ (stealth).
 16970 | Lair:5   | Found a staircase to the Slime Pits.
 17105 | Lair:5   | 17105 ||| INVOKING Heroism.
 17327 | Lair:5   | 17327 ||| Stepping ~*~*~tactically~*~*~ (stealth).
 17329 | Lair:5   | 17329 ||| INVOKING Heroism.
 17330 | Lair:5   | 17330 ||| INVOKING Finesse.
 17515 | Lair:5   | 17515 ||| PLANNING D:1-11
 17515 | Lair:5   | 17515 ||| UPGRADING to +0 cloak.
 17520 | Lair:5   | 17520 ||| DROPPING +0 pair of gloves "Syupt" {Rampage
                  | Int+2}.
 17521 | Lair:5   | 17521 ||| READING scroll labelled ATZO LE QITEMI.
 17604 | D:10     | Entered Level 10 of the Dungeon
 17606 | D:10     | 17606 ||| Stepping ~*~*~tactically~*~*~ (stealth).
 17608 | D:10     | 17608 ||| Stepping ~*~*~tactically~*~*~ (stealth).
 17609 | D:10     | 17609 ||| Stepping ~*~*~tactically~*~*~ (stealth).
 17611 | D:10     | 17611 ||| INVOKING Heroism.
 17672 | D:10     | 17672 ||| INVOKING Heroism.
 17884 | D:10     | 17884 ||| INVOKING Heroism.
 17921 | D:10     | 17921 ||| Stepping ~*~*~tactically~*~*~ (hiding).
 17924 | D:10     | 17924 ||| Stepping ~*~*~tactically~*~*~ (hiding).
 17925 | D:10     | 17925 ||| Stepping ~*~*~tactically~*~*~ (hiding).
 17926 | D:10     | 17926 ||| Stepping ~*~*~tactically~*~*~ (hiding).
 18084 | D:10     | 18084 ||| INVOKING Heroism.
 18094 | D:10     | Reached skill level 15 in Shields
 18119 | D:10     | Found a blossoming altar of Fedhas.
 18121 | D:10     | Found a shimmering blue altar of Sif Muna.
 18488 | D:10     | 18488 ||| UPGRADING to ring of protection from cold.
 18533 | D:11     | 18533 ||| PLANNING GAUNTLET
 18535 | D:11     | 18535 ||| Stepping ~*~*~tactically~*~*~ (hiding).
 18536 | D:11     | 18536 ||| INVOKING Heroism.
 18548 | D:11     | 18548 ||| Stepping ~*~*~tactically~*~*~ (hiding).
 18593 | D:11     | Found a gate leading to a gauntlet.
 18598 | Gauntlet | Entered a Gauntlet
 18598 | Gauntlet | Found a transporter.
 18598 | Gauntlet | Found a transporter.
 18602 | Gauntlet | Found a transporter.
 18602 | Gauntlet | Found a transporter.
 18603 | Gauntlet | Found a transporter.
 18612 | Gauntlet | Found a transporter.
 18680 | Gauntlet | Found a transporter.
 18694 | Gauntlet | Found a transporter.
 18706 | Gauntlet | Found a transporter.
 18716 | Gauntlet | Found a transporter.
 18731 | Gauntlet | Found a transporter.
 18737 | Gauntlet | Found a transporter.
 18809 | Gauntlet | Reached skill level 3 in Dodging
 18812 | Gauntlet | 18812 ||| INVOKING Heroism.
 18963 | Gauntlet | 18963 ||| DROPPING scarf of harm.
 18964 | Gauntlet | 18964 ||| READING 8 scrolls of identify.
 18964 | Gauntlet | 18964 ||| IDENTIFYING yellow potion
 18970 | Gauntlet | 18970 ||| Stepping ~*~*~tactically~*~*~ (stealth).
 18971 | Gauntlet | 18971 ||| Stepping ~*~*~tactically~*~*~ (stealth).
 18972 | Gauntlet | 18972 ||| Stepping randomly (stuck).
 19085 | Gauntlet | 19085 ||| READING 7 scrolls of identify.
 19085 | Gauntlet | 19085 ||| IDENTIFYING smoky yellow potion
 19167 | Gauntlet | 19167 ||| UPGRADING to +4 ring of evasion.
 19169 | Gauntlet | 19169 ||| READING 6 scrolls of identify.
 19169 | Gauntlet | 19169 ||| IDENTIFYING murky yellow potion
 19176 | Gauntlet | 19176 ||| INVOKING Heroism.
 19230 | Gauntlet | Identified the +1 cloak "Rash" {rC+ Str+4}
 19237 | Gauntlet | 19237 ||| UPGRADING to +1 cloak "Rash" {rC+ Str+4}.
 19247 | Gauntlet | 19247 ||| DROPPING +0 cloak.
 19273 | Gauntlet | Identified the ring "Rurgh" {rF+ AC+4 Int+2}
 19274 | Gauntlet | 19274 ||| Stepping ~*~*~tactically~*~*~ (hiding).
 19279 | Gauntlet | 19279 ||| INVOKING Heroism.
 19280 | Gauntlet | 19280 ||| INVOKING Finesse.
 19344 | Gauntlet | 19344 ||| DROPPING +0 pair of boots of stealth.
 19345 | Gauntlet | 19345 ||| DROPPING +1 swamp dragon scales.
 19346 | Gauntlet | 19346 ||| DROPPING ring of fire.
 19347 | Gauntlet | 19347 ||| UPGRADING to ring "Rurgh" {rF+ AC+4 Int+2}.
 19349 | Gauntlet | 19349 ||| DROPPING ring of positive energy.
 19353 | D:11     | 19353 ||| PLANNING D:1-11
 19374 | D:11     | Received a gift from Okawaru
 19379 | D:11     | 19379 ||| Stepping ~*~*~tactically~*~*~ (stealth).
 19380 | D:11     | 19380 ||| INVOKING Heroism.
 19381 | D:11     | 19381 ||| INVOKING Finesse.
 19599 | D:11     | 19599 ||| Stepping ~*~*~tactically~*~*~ (stealth).
 19694 | D:11     | 19694 ||| READING scroll of enchant armour.
 19694 | D:11     | 19694 ||| ENCHANTING +1 pair of gloves of hurling.
 19735 | D:11     | 19735 ||| INVOKING Heroism.
 19782 | D:11     | 19782 ||| READING scroll of enchant armour.
 19782 | D:11     | 19782 ||| ENCHANTING +0 plate armour.
 19866 | D:11     | 19866 ||| INVOKING Heroism.
 19867 | D:11     | Found an iron altar of Okawaru.
 20001 | D:11     | Identified the +0 scale mail "Suunoly" {rF- Dex+7 Stlth+}
 20080 | D:11     | Identified the +1 arbalest of Rossea {flame, *Slow Will+++
                  | MP-9 Dex+2}
 20110 | D:11     | Found an iron altar of Okawaru.
 20139 | D:11     | 20139 ||| Stepping ~*~*~tactically~*~*~ (stealth).
 20303 | D:11     | 20303 ||| PLANNING D
 20303 | D:11     | 20303 ||| DROPPING +1 chain mail of willpower.
 20304 | D:11     | 20304 ||| DROPPING scarf of repulsion.
 20305 | D:11     | 20305 ||| UPGRADING to +1 hat.
 20310 | D:11     | 20310 ||| UPGRADING to +3 plate armour of poison
                  | resistance.
 20320 | D:11     | 20320 ||| DROPPING +1 plate armour.
 20321 | D:11     | 20321 ||| READING scroll labelled JIPRAQ NIYGU.
 20338 | D:12     | 20338 ||| STAIRDANCE
 20348 | D:12     | 20348 ||| STAIRDANCE
 20383 | D:12     | 20383 ||| Stepping ~*~*~tactically~*~*~ (hiding).
 20384 | D:12     | 20384 ||| INVOKING Heroism.
 20412 | D:12     | Received a gift from Okawaru
 20418 | D:12     | 20418 ||| Stepping ~*~*~tactically~*~*~ (stealth).
 20424 | D:12     | 20424 ||| Stepping ~*~*~tactically~*~*~ (stealth).
 20488 | D:12     | Identified the +10 hand axe of Action {antimagic, Dex+2}
 20489 | D:12     | 20489 ||| Stepping ~*~*~tactically~*~*~ (stealth).
 20492 | D:12     | 20492 ||| INVOKING Heroism.
 20493 | D:12     | 20493 ||| Stepping ~*~*~tactically~*~*~ (stealth).
 20498 | D:12     | 20498 ||| INVOKING Finesse.
 20502 | D:12     | Reached XP level 15. HP: 92/92 MP: 15/22
 20546 | D:12     | 20546 ||| Stepping ~*~*~tactically~*~*~ (stealth).
 20548 | D:12     | 20548 ||| Stepping ~*~*~tactically~*~*~ (hiding).
 20550 | D:12     | 20550 ||| Stepping ~*~*~tactically~*~*~ (hiding).
 20610 | D:12     | Found a runed translucent door.
 20628 | D:12     | 20628 ||| INVOKING Heroism.
 20652 | D:12     | Noticed Xqipyl's ghost (journeyman GrFE)
 20768 | D:12     | 20768 ||| INVOKING Heroism.
 20769 | D:12     | 20769 ||| INVOKING Finesse.
 20824 | D:12     | 20824 ||| INVOKING Heroism.
 20860 | D:12     | 20860 ||| INVOKING Finesse.
 21010 | D:12     | 21010 ||| INVOKING Heroism.
 21011 | D:12     | 21011 ||| INVOKING Finesse.
 21132 | D:12     | 21132 ||| Stepping ~*~*~tactically~*~*~ (stealth).
 21374 | D:12     | 21374 ||| DROPPING +1 flail of distortion.
 21465 | D:12     | 21465 ||| DROPPING amulet of magic regeneration.
 21466 | D:12     | 21466 ||| DROPPING +4 ring of protection.
 21467 | D:12     | 21467 ||| READING scroll labelled UVOFRA RIWI.
 21716 | D:13     | 21716 ||| READING 5 scrolls of teleportation.
 21762 | D:13     | 21762 ||| READING 4 scrolls of teleportation.
 21863 | D:13     | 21863 ||| Stepping ~*~*~tactically~*~*~ (hiding).
 21865 | D:13     | 21865 ||| Stepping ~*~*~tactically~*~*~ (hiding).
 22005 | D:13     | Found Ishiheir's General Store.
 22010 | D:13     | 22010 ||| BUYING scroll of identify (30 gold).
 22010 | D:13     | Bought a scroll of identify for 30 gold pieces
 22100 | D:13     | 22100 ||| Stepping ~*~*~tactically~*~*~ (hiding).
 22101 | D:13     | 22101 ||| Stepping ~*~*~tactically~*~*~ (hiding).
 22210 | D:13     | 22210 ||| Stepping ~*~*~tactically~*~*~ (stealth).
 22211 | D:13     | 22211 ||| Stepping ~*~*~tactically~*~*~ (stealth).
 22212 | D:13     | 22212 ||| Stepping ~*~*~tactically~*~*~ (stealth).
 22223 | D:13     | 22223 ||| READING 3 scrolls of teleportation.
 22251 | D:13     | 22251 ||| READING 2 scrolls of teleportation.
 22458 | D:13     | Reached skill level 16 in Shields
 22598 | D:14     | 22598 ||| Stepping ~*~*~tactically~*~*~ (stealth).
 22610 | D:14     | Noticed Josephine
 22621 | D:14     | Killed Josephine
 22656 | D:14     | 22656 ||| FLEEEEING.
 22657 | D:14     | 22657 ||| FLEEEEING.
 22658 | D:14     | 22658 ||| FLEEEEING.
 22659 | D:14     | 22659 ||| FLEEEEING.
 22660 | D:14     | 22660 ||| STAIRDANCE
 22741 | D:14     | 22741 ||| DROPPING +0 morningstar.
 22744 | D:14     | 22744 ||| DROPPING +1 morningstar of protection.
 22750 | D:14     | 22750 ||| INVOKING Heroism.
 22768 | D:14     | Paralysed by an orc sorcerer for 2 turns
 22818 | D:14     | Found a gate to the Vaults.
 22819 | D:14     | 22819 ||| INVOKING Heroism.
 22825 | D:14     | Reached skill level 6 in Throwing
 22845 | D:14     | 22845 ||| Stepping ~*~*~tactically~*~*~ (hiding).
 22941 | D:14     | Received a gift from Okawaru
 22955 | D:14     | 22955 ||| Stepping ~*~*~tactically~*~*~ (stealth).
 23016 | D:14     | 23016 ||| Stepping ~*~*~tactically~*~*~ (stealth).
 23068 | D:14     | 23068 ||| Stepping ~*~*~tactically~*~*~ (hiding).
 23070 | D:14     | 23070 ||| INVOKING Heroism.
 23071 | D:14     | 23071 ||| SWAPPING to +2 war axe of flaming.
 23081 | D:14     | 23081 ||| SWAPPING to +3 broad axe of Dullness {freeze,
                  | rCorr Dex+4 Stlth-}.
 23104 | D:14     | 23104 ||| Stepping ~*~*~tactically~*~*~ (hiding).
 23235 | D:14     | 23235 ||| Stepping ~*~*~tactically~*~*~ (hiding).
 23236 | D:14     | 23236 ||| Stepping ~*~*~tactically~*~*~ (hiding).
 23245 | D:14     | Received a gift from Okawaru
 23338 | D:14     | 23338 ||| Stepping ~*~*~tactically~*~*~ (hiding).
 23339 | D:14     | 23339 ||| INVOKING Heroism.
 23360 | D:14     | 23360 ||| INVOKING Finesse.
 23732 | D:14     | 23732 ||| INVOKING Heroism.
 23733 | D:14     | 23733 ||| INVOKING Finesse.
 23747 | D:14     | Reached skill level 15 in Axes
 23761 | D:14     | 23761 ||| Stepping ~*~*~tactically~*~*~ (stealth).
 23785 | D:14     | 23785 ||| Stepping ~*~*~tactically~*~*~ (hiding).
 24239 | D:15     | Entered Level 15 of the Dungeon
 24240 | D:15     | 24240 ||| INVOKING Heroism.
 24261 | D:15     | Identified the +5 war axe "Rergheiv" {vorpal, rCorr}
                  | (Okawaru gifted it to you on level 15 of the Dungeon)
 24261 | D:15     | Received a gift from Okawaru
 24448 | D:15     | 24448 ||| Stepping ~*~*~tactically~*~*~ (stealth).
 24450 | D:15     | 24450 ||| Stepping ~*~*~tactically~*~*~ (hiding).
 24483 | D:15     | 24483 ||| Stepping ~*~*~tactically~*~*~ (stealth).
 24486 | D:15     | 24486 ||| Stepping ~*~*~tactically~*~*~ (hiding).
 24499 | D:15     | 24499 ||| INVOKING Heroism.
 24626 | D:15     | 24626 ||| Stepping ~*~*~tactically~*~*~ (hiding).
 24633 | D:15     | Paralysed by a great orb of eyes for 4 turns
 24648 | D:15     | Reached XP level 16. HP: 98/100 MP: 23/23
 24656 | D:15     | 24656 ||| INVOKING Heroism.
 24748 | D:15     | Found a staircase to the Depths.
 24805 | D:15     | Found a transporter.
 24817 | D:15     | 24817 ||| INVOKING Heroism.
 24959 | D:15     | Found a sacrificial altar of Ru.
 24968 | D:15     | Found a transporter.
 24993 | D:15     | Noticed Bananafolds's ghost (adept NaVM)
 25019 | D:15     | 25019 ||| Stepping ~*~*~tactically~*~*~ (stealth).
 25025 | D:15     | 25025 ||| Stepping ~*~*~tactically~*~*~ (stealth).
 25026 | D:15     | 25026 ||| INVOKING Heroism.
 25028 | D:15     | 25028 ||| Stepping ~*~*~tactically~*~*~ (hiding).
 25035 | D:15     | Reached skill level 12 in Fighting
 25059 | D:15     | 25059 ||| DROPPING 31 boomerangs.
 25252 | D:15     | 25252 ||| Stepping ~*~*~tactically~*~*~ (hiding).
 25253 | D:15     | 25253 ||| Stepping ~*~*~tactically~*~*~ (hiding).
 25379 | D:15     | 25379 ||| Stepping ~*~*~tactically~*~*~ (stealth).
 25385 | D:15     | 25385 ||| Stepping ~*~*~tactically~*~*~ (stealth).
 25642 | D:15     | 25642 ||| PLANNING ORC
 25642 | D:15     | 25642 ||| READING 10 scrolls of identify.
 25642 | D:15     | 25642 ||| IDENTIFYING sedimented clear potion
 25793 | Orc:1    | Entered Level 1 of the Orcish Mines
 25844 | Orc:1    | 25844 ||| Stepping ~*~*~tactically~*~*~ (stealth).
 25852 | Orc:1    | Identified the +4 dagger "Voirph" {vorpal, rCorr} (Okawaru
                  | gifted it to you on level 1 of the Orcish Mines)
 25852 | Orc:1    | Received a gift from Okawaru
 25856 | Orc:1    | 25856 ||| Stepping ~*~*~tactically~*~*~ (stealth).
 25875 | Orc:1    | 25875 ||| Stepping ~*~*~tactically~*~*~ (stealth).
 25878 | Orc:1    | 25878 ||| Stepping ~*~*~tactically~*~*~ (hiding).
 25879 | Orc:1    | 25879 ||| Stepping ~*~*~tactically~*~*~ (hiding).
 25881 | Orc:1    | 25881 ||| Stepping ~*~*~tactically~*~*~ (hiding).
 25882 | Orc:1    | 25882 ||| Stepping ~*~*~tactically~*~*~ (hiding).
 25883 | Orc:1    | 25883 ||| Stepping ~*~*~tactically~*~*~ (hiding).
 25884 | Orc:1    | 25884 ||| Stepping ~*~*~tactically~*~*~ (hiding).
 25965 | Orc:2    | Entered Level 2 of the Orcish Mines
 25990 | Orc:2    | 25990 ||| INVOKING Heroism.
 26112 | Orc:2    | Found a runed translucent gate.
 26113 | Orc:2    | Found a runed translucent gate.
 26117 | Orc:2    | Found a runed translucent gate.
 26126 | Orc:2    | Noticed qw's ghost (adept GrFi)
 26128 | Orc:2    | Identified the +0 chain mail of the Merchant {Rampage rN++
                  | rCorr Dex+3}
 26282 | Orc:2    | 26282 ||| INVOKING Heroism.
 26342 | Orc:2    | 26342 ||| INVOKING Heroism.
 26347 | Orc:2    | Found Layroc's General Store.
 26350 | Orc:2    | Found Obiusarch's General Store.
 26389 | Orc:2    | 26389 ||| Stepping ~*~*~tactically~*~*~ (stealth).
 26392 | Orc:2    | 26392 ||| Stepping ~*~*~tactically~*~*~ (hiding).
 26393 | Orc:2    | 26393 ||| Stepping ~*~*~tactically~*~*~ (hiding).
 26394 | Orc:2    | 26394 ||| Stepping ~*~*~tactically~*~*~ (hiding).
 26395 | Orc:2    | 26395 ||| Stepping ~*~*~tactically~*~*~ (hiding).
 26490 | Orc:2    | 26490 ||| Stepping ~*~*~tactically~*~*~ (hiding).
 26535 | Orc:2    | 26535 ||| BUYING scroll of identify (26 gold).
 26535 | Orc:2    | Bought a scroll of identify for 26 gold pieces
 26537 | Orc:2    | 26537 ||| BUYING scroll of enchant armour (97 gold).
 26537 | Orc:2    | Bought a scroll of enchant armour for 97 gold pieces
 26537 | Orc:2    | 26537 ||| READING scroll of enchant armour.
 26537 | Orc:2    | 26537 ||| ENCHANTING +1 hat.
 26692 | Orc:2    | Found a staircase to the Elven Halls.
 26882 | Orc:2    | 26882 ||| Stepping ~*~*~tactically~*~*~ (stealth).
 26885 | Orc:2    | 26885 ||| Stepping ~*~*~tactically~*~*~ (hiding).
 26890 | Orc:2    | 26890 ||| INVOKING Heroism.
 26933 | Orc:2    | 26933 ||| Stepping ~*~*~tactically~*~*~ (hiding).
 26943 | Orc:2    | 26943 ||| INVOKING Heroism.
 26949 | Orc:2    | 26949 ||| Stepping ~*~*~tactically~*~*~ (stealth).
 26985 | Orc:2    | 26985 ||| INVOKING Heroism.
 27011 | Orc:2    | Paralysed by an orc sorcerer for 4 turns
 27029 | Orc:2    | 27029 ||| INVOKING Heroism.
 27046 | Orc:2    | 27046 ||| Stepping ~*~*~tactically~*~*~ (hiding).
 27047 | Orc:2    | 27047 ||| Stepping ~*~*~tactically~*~*~ (hiding).
 27065 | Orc:2    | 27065 ||| FLEEEEING.
 27071 | Orc:2    | 27071 ||| FLEEEEING.
 27077 | Orc:2    | 27077 ||| FLEEEEING.
 27078 | Orc:2    | 27078 ||| FLEEEEING.
 27079 | Orc:2    | 27079 ||| FLEEEEING.
 27086 | Orc:2    | 27086 ||| FLEEEEING.
 27087 | Orc:2    | 27087 ||| FLEEEEING.
 27088 | Orc:2    | 27088 ||| FLEEEEING.
 27095 | Orc:2    | 27095 ||| FLEEEEING.
 27096 | Orc:2    | 27096 ||| FLEEEEING.
 27097 | Orc:2    | 27097 ||| FLEEEEING.
 27098 | Orc:2    | 27098 ||| FLEEEEING.
 27099 | Orc:2    | 27099 ||| FLEEEEING.
 27100 | Orc:2    | 27100 ||| FLEEEEING.
 27101 | Orc:2    | 27101 ||| FLEEEEING.
 27102 | Orc:2    | 27102 ||| FLEEEEING.
 27103 | Orc:2    | 27103 ||| FLEEEEING.
 27104 | Orc:2    | 27104 ||| FLEEEEING.
 27105 | Orc:2    | 27105 ||| FLEEEEING.
 27111 | Orc:2    | 27111 ||| FLEEEEING.
 27112 | Orc:2    | 27112 ||| FLEEEEING.
 27113 | Orc:2    | 27113 ||| FLEEEEING.
 27117 | Orc:2    | 27117 ||| FLEEEEING.
 27118 | Orc:2    | 27118 ||| FLEEEEING.
 27119 | Orc:2    | 27119 ||| FLEEEEING.
 27120 | Orc:2    | 27120 ||| FLEEEEING.
 27121 | Orc:2    | 27121 ||| FLEEEEING.
 27126 | Orc:2    | 27126 ||| FLEEEEING.
 27127 | Orc:2    | 27127 ||| FLEEEEING.
 27128 | Orc:2    | 27128 ||| FLEEEEING.
 27129 | Orc:2    | 27129 ||| FLEEEEING.
 27130 | Orc:2    | 27130 ||| FLEEEEING.
 27131 | Orc:2    | 27131 ||| FLEEEEING.
 27132 | Orc:2    | 27132 ||| FLEEEEING.
 27133 | Orc:2    | 27133 ||| STAIRDANCE
 27135 | Orc:1    | 27135 ||| INVOKING Heroism.
 27136 | Orc:1    | 27136 ||| Stepping ~*~*~tactically~*~*~ (stealth).
 27146 | Orc:1    | 27146 ||| Stepping ~*~*~tactically~*~*~ (hiding).
 27147 | Orc:1    | 27147 ||| DRINKING 6 potions of curing.
 27147 | Orc:1    | 27147 ||| (to cure confusion)
 27282 | Orc:1    | 27282 ||| DROPPING 5 boomerangs.
 27283 | Orc:1    | 27283 ||| DROPPING 6 boomerangs of dispersal.
 27332 | Orc:2    | 27332 ||| Stepping ~*~*~tactically~*~*~ (hiding).
 27335 | Orc:2    | 27335 ||| INVOKING Heroism.
 27339 | Orc:2    | Received a gift from Okawaru
 27346 | Orc:2    | 27346 ||| Stepping ~*~*~tactically~*~*~ (hiding).
 27348 | Orc:2    | Paralysed by an orc sorcerer for 2 turns
 27355 | Orc:2    | Reached skill level 17 in Shields
 27362 | Orc:2    | 27362 ||| Stepping ~*~*~tactically~*~*~ (hiding).
 27363 | Orc:2    | 27363 ||| Stepping ~*~*~tactically~*~*~ (hiding).
 27478 | Orc:2    | Found Qudeomop's Jewellery Shop.
 27478 | Orc:2    | Found Kusew's Antique Armour Boutique.
 27479 | Orc:2    | Found a one-way gate leading to the halls of Pandemonium.
 27481 | Orc:2    | 27481 ||| BUYING ring "Ytaczoke" {rF+ Stlth+} (522 gold).
 27481 | Orc:2    | Bought the ring "Ytaczoke" {rF+ Stlth+} for 522 gold pieces
 27481 | Orc:2    | 27481 ||| BUYING ring of Haxere {rN++ Will+ rCorr Str-4}
                  | (595 gold).
 27481 | Orc:2    | Bought the ring of Haxere {rN++ Will+ rCorr Str-4} for 595
                  | gold pieces
 27483 | Orc:2    | 27483 ||| BUYING pair of runed gloves (187 gold).
 27483 | Orc:2    | Bought a pair of runed gloves for 187 gold pieces
 27554 | Orc:2    | Identified the +4 spear of Dried Tears {spect, rElec rPois
                  | Stlth+}
 27565 | Orc:2    | 27565 ||| UPGRADING to +1 pair of gloves of dexterity.
 27575 | Orc:2    | 27575 ||| DROPPING +2 pair of gloves of hurling.
 27576 | Orc:2    | 27576 ||| DROPPING ring of fire.
 27685 | Orc:1    | 27685 ||| INVOKING Heroism.
 27709 | Orc:1    | Found Jueleg's General Store.
 27709 | Orc:1    | Found Gidymah's Book Emporium.
 27743 | Orc:1    | 27743 ||| Stepping ~*~*~tactically~*~*~ (hiding).
 27745 | Orc:1    | 27745 ||| INVOKING Heroism.
 27784 | Orc:1    | 27784 ||| INVOKING Heroism.
 27785 | Orc:1    | 27785 ||| DRINKING 5 potions of curing.
 27785 | Orc:1    | 27785 ||| (to cure confusion)
 28084 | Orc:1    | 28084 ||| PLANNING SHOALS:1-3
 28271 | Shoals:1 | Entered Level 1 of the Shoals
 28272 | Shoals:1 | 28272 ||| INVOKING Heroism.
 28286 | Shoals:1 | Received a gift from Okawaru
 28607 | Shoals:1 | 28607 ||| INVOKING Heroism.
 28610 | Shoals:1 | 28610 ||| INVOKING Finesse.
 28611 | Shoals:1 | Received a gift from Okawaru
 28663 | Shoals:1 | 28663 ||| INVOKING Heroism.
 28673 | Shoals:1 | 28673 ||| INVOKING Finesse.
 28688 | Shoals:1 | Reached XP level 17. HP: 81/106 MP: 18/24
 28830 | Shoals:1 | 28830 ||| INVOKING Heroism.
 28947 | Shoals:1 | 28947 ||| Stepping ~*~*~tactically~*~*~ (stealth).
 28949 | Shoals:1 | 28949 ||| Stepping ~*~*~tactically~*~*~ (stealth).
 28964 | Shoals:1 | 28964 ||| Stepping ~*~*~tactically~*~*~ (hiding).
 29091 | Shoals:1 | 29091 ||| Stepping ~*~*~tactically~*~*~ (hiding).
 29345 | Shoals:1 | Received a gift from Okawaru
 29630 | Shoals:1 | 29630 ||| DROPPING ring of protection from fire.
 29707 | Shoals:2 | 29707 ||| Stepping ~*~*~tactically~*~*~ (hiding).
 29708 | Shoals:2 | 29708 ||| Stepping ~*~*~tactically~*~*~ (hiding).
 29859 | Shoals:2 | 29859 ||| Stepping ~*~*~tactically~*~*~ (hiding).
 29861 | Shoals:2 | 29861 ||| Stepping ~*~*~tactically~*~*~ (hiding).
 29974 | Shoals:2 | 29974 ||| INVOKING Heroism.
 29975 | Shoals:2 | 29975 ||| INVOKING Finesse.
 30094 | Shoals:2 | 30094 ||| INVOKING Heroism.
 30165 | Shoals:2 | Found a transporter.
 30170 | Shoals:2 | Noticed AtomicRavioli's ghost (adept OgFi)
 30179 | Shoals:2 | Noticed Ilsuiw
 30180 | Shoals:2 | 30180 ||| INVOKING Heroism.
 30181 | Shoals:2 | 30181 ||| INVOKING Finesse.
 30191 | Shoals:2 | Reached skill level 12 in Armour
 30314 | Shoals:2 | 30314 ||| Invisible monster not found???
 30402 | Shoals:2 | 30402 ||| INVOKING Heroism.
 30403 | Shoals:2 | 30403 ||| INVOKING Finesse.
 30420 | Shoals:2 | Killed Ilsuiw
 30598 | Shoals:2 | 30598 ||| INVOKING Heroism.
 30724 | Shoals:2 | 30724 ||| INVOKING Heroism.
 30727 | Shoals:2 | 30727 ||| Stepping ~*~*~tactically~*~*~ (hiding).
 30771 | Shoals:2 | Found Foahynamp's Self-Improvement Boutique.
 30797 | Shoals:2 | 30797 ||| Stepping ~*~*~tactically~*~*~ (stealth).
 30799 | Shoals:2 | 30799 ||| INVOKING Heroism.
 30800 | Shoals:2 | 30800 ||| Stepping ~*~*~tactically~*~*~ (hiding).
 30808 | Shoals:2 | 30808 ||| Stepping ~*~*~tactically~*~*~ (hiding).
 30965 | Shoals:2 | Found a transporter.
 31115 | Shoals:3 | 31115 ||| INVOKING Heroism.
 31177 | Shoals:3 | 31177 ||| Stepping ~*~*~tactically~*~*~ (hiding).
 31439 | Shoals:3 | 31439 ||| Stepping ~*~*~tactically~*~*~ (hiding).
 31463 | Shoals:3 | 31463 ||| Stepping ~*~*~tactically~*~*~ (hiding).
 31464 | Shoals:3 | 31464 ||| Stepping ~*~*~tactically~*~*~ (hiding).
 31469 | Shoals:3 | 31469 ||| Stepping ~*~*~tactically~*~*~ (hiding).
 31473 | Shoals:3 | 31473 ||| Stepping ~*~*~tactically~*~*~ (hiding).
 31479 | Shoals:3 | 31479 ||| Stepping ~*~*~tactically~*~*~ (hiding).
 31480 | Shoals:3 | 31480 ||| Stepping ~*~*~tactically~*~*~ (hiding).
 31490 | Shoals:3 | Identified the +11 lajatang "Oduurghe" {flame, rElec Int+2
                  | Dex+2} (Okawaru gifted it to you on level 3 of the Shoals)
 31490 | Shoals:3 | Received a gift from Okawaru
 31555 | Shoals:3 | 31555 ||| Stepping ~*~*~tactically~*~*~ (hiding).
 31673 | Shoals:3 | Noticed Polyphemus
 31674 | Shoals:3 | 31674 ||| INVOKING Heroism.
 31675 | Shoals:3 | 31675 ||| INVOKING Finesse.
 31707 | Shoals:3 | Killed Polyphemus
 31966 | Shoals:3 | Found a runed translucent gate.
 31966 | Shoals:3 | Found a runed translucent gate.
 31966 | Shoals:3 | Found a runed translucent gate.
 31968 | Shoals:3 | Found an opulent altar of Gozag.
 31968 | Shoals:3 | Noticed qw's ghost (adept GrFi)
 32200 | Shoals:3 | 32200 ||| PLANNING SNAKE:1-3
 32329 | Snake:1  | Entered Level 1 of the Snake Pit
 32415 | Snake:1  | 32415 ||| INVOKING Heroism.
 32534 | Snake:1  | 32534 ||| Stepping ~*~*~tactically~*~*~ (hiding).
 32535 | Snake:1  | 32535 ||| Stepping ~*~*~tactically~*~*~ (hiding).
 32569 | Snake:1  | 32569 ||| Stepping ~*~*~tactically~*~*~ (stealth).
 32585 | Snake:1  | 32585 ||| Stepping ~*~*~tactically~*~*~ (stealth).
 32594 | Snake:1  | 32594 ||| Stepping ~*~*~tactically~*~*~ (stealth).
 32596 | Snake:1  | 32596 ||| Stepping ~*~*~tactically~*~*~ (hiding).
 32637 | Snake:1  | Found a transporter.
 32638 | Snake:1  | Found a transporter.
 32688 | Snake:1  | Found a transporter.
 32692 | Snake:1  | Found a transporter.
 32760 | Snake:1  | Identified the +7 chain mail of Theory {Fly rC+ MP-9 Dex+4}
 32766 | Snake:1  | 32766 ||| Stepping ~*~*~tactically~*~*~ (hiding).
 32766 | Snake:1  | Found a transporter.
 32767 | Snake:1  | 32767 ||| Stepping ~*~*~tactically~*~*~ (hiding).
 32876 | Snake:1  | 32876 ||| Stepping ~*~*~tactically~*~*~ (hiding).
 33012 | Snake:1  | Found a transporter.
 33478 | Snake:1  | 33478 ||| Stepping ~*~*~tactically~*~*~ (hiding).
 33816 | Snake:1  | 33816 ||| UPGRADING to +7 chain mail of Theory {Fly rC+
                  | MP-9 Dex+4}.
 33826 | Snake:1  | 33826 ||| DROPPING +1 chain mail of fire resistance.
 33827 | Snake:1  | 33827 ||| DROPPING +2 chain mail of cold resistance.
 33828 | Snake:1  | 33828 ||| DROPPING +3 plate armour of poison resistance.
 33881 | Snake:2  | 33881 ||| INVOKING Heroism.
 33881 | Snake:2  | Noticed Aizul
 33882 | Snake:2  | 33882 ||| INVOKING Finesse.
 33902 | Snake:2  | Killed Aizul
 33903 | Snake:2  | Reached XP level 18. HP: 112/114 MP: 9/25
 33917 | Snake:2  | 33917 ||| DROPPING +2 war axe of flaming.
 33992 | Snake:2  | 33992 ||| Stepping ~*~*~tactically~*~*~ (hiding).
 33994 | Snake:2  | 33994 ||| Stepping ~*~*~tactically~*~*~ (hiding).
 34007 | Snake:2  | Received a gift from Okawaru
 34031 | Snake:2  | Reached skill level 6 in Dodging
 34044 | Snake:2  | Found a radiant altar of Vehumet.
 34135 | Snake:2  | Reached skill level 18 in Axes
 34329 | Snake:2  | 34329 ||| Stepping ~*~*~tactically~*~*~ (hiding).
 34347 | Snake:2  | 34347 ||| FLEEEEING.
 34370 | Snake:2  | 34370 ||| Stepping ~*~*~tactically~*~*~ (hiding).
 34723 | Snake:2  | Identified the +7 chain mail of Fedhas's Whim {rPois rC-
                  | Regen+ Str+7}
 34829 | Snake:2  | 34829 ||| UPGRADING to +7 chain mail of Fedhas's Whim
                  | {rPois rC- Regen+ Str+7}.
 34881 | Snake:2  | 34881 ||| DROPPING amulet of regeneration.
 34882 | Snake:2  | 34882 ||| DROPPING amulet of the acrobat.
 34883 | Snake:2  | 34883 ||| READING 14 scrolls of identify.
 34883 | Snake:2  | 34883 ||| IDENTIFYING murky red potion
 34884 | Snake:2  | 34884 ||| DROPPING 2 boomerangs.
 34885 | Snake:2  | 34885 ||| DROPPING potion of invisibility.
 34886 | Snake:2  | 34886 ||| DROPPING 2 boomerangs of dispersal.
 34914 | Snake:3  | 34914 ||| INVOKING Heroism.
 34915 | Snake:3  | 34915 ||| STAIRDANCE
 34927 | Snake:3  | 34927 ||| STAIRDANCE
 34951 | Snake:3  | 34951 ||| Stepping ~*~*~tactically~*~*~ (hiding).
 34961 | Snake:3  | 34961 ||| Stepping ~*~*~tactically~*~*~ (hiding).
 34984 | Snake:3  | 34984 ||| Stepping ~*~*~tactically~*~*~ (stealth).
 34985 | Snake:3  | 34985 ||| Stepping ~*~*~tactically~*~*~ (hiding).
 34987 | Snake:3  | 34987 ||| INVOKING Heroism.
 35016 | Snake:3  | Received a gift from Okawaru
 35040 | Snake:3  | Found Mared's Antique Weapon Emporium.
 35049 | Snake:3  | 35049 ||| FLEEEEING.
 35050 | Snake:3  | 35050 ||| FLEEEEING.
 35051 | Snake:3  | 35051 ||| FLEEEEING.
 35052 | Snake:3  | 35052 ||| FLEEEEING.
 35056 | Snake:3  | 35056 ||| FLEEEEING.
 35057 | Snake:3  | 35057 ||| FLEEEEING.
 35058 | Snake:3  | 35058 ||| FLEEEEING.
 35061 | Snake:3  | 35061 ||| STAIRDANCE
 35165 | Snake:3  | 35165 ||| INVOKING Heroism.
 35187 | Snake:3  | 35187 ||| Stepping ~*~*~tactically~*~*~ (hiding).
 35190 | Snake:3  | Found Viloer's Antique Weapon Shoppe.
 35259 | Snake:3  | 35259 ||| Stepping ~*~*~tactically~*~*~ (hiding).
 35332 | Snake:3  | Found Pomab's Distillery.
 35344 | Snake:3  | 35344 ||| BUYING 2 potions of resistance (280 gold).
 35344 | Snake:3  | Bought 2 potions of resistance for 280 gold pieces
 35344 | Snake:3  | 35344 ||| BUYING potion of cancellation (112 gold).
 35344 | Snake:3  | Bought a potion of cancellation for 112 gold pieces
 35344 | Snake:3  | 35344 ||| BUYING potion of curing (42 gold).
 35344 | Snake:3  | Bought a potion of curing for 42 gold pieces
 35344 | Snake:3  | 35344 ||| BUYING potion of curing (42 gold).
 35344 | Snake:3  | Bought a potion of curing for 42 gold pieces
 35344 | Snake:3  | 35344 ||| BUYING potion of mutation (112 gold).
 35344 | Snake:3  | Bought a potion of mutation for 112 gold pieces
 35344 | Snake:3  | 35344 ||| BUYING potion of resistance (140 gold).
 35344 | Snake:3  | Bought a potion of resistance for 140 gold pieces
 35445 | Snake:3  | 35445 ||| INVOKING Heroism.
 35488 | Snake:3  | Reached skill level 18 in Shields
 35633 | Snake:3  | 35633 ||| PLANNING SHOALS:4
 35787 | Shoals:4 | Entered Level 4 of the Shoals
 35819 | Shoals:4 | 35819 ||| Stepping ~*~*~tactically~*~*~ (hiding).
 35831 | Shoals:4 | 35831 ||| Stepping ~*~*~tactically~*~*~ (hiding).
 35834 | Shoals:4 | 35834 ||| INVOKING Heroism.
 35835 | Shoals:4 | 35835 ||| INVOKING Finesse.
 35903 | Shoals:4 | Got a barnacled rune of Zot
 36024 | Shoals:4 | 36024 ||| Stepping ~*~*~tactically~*~*~ (hiding).
 36049 | Shoals:4 | 36049 ||| Stepping ~*~*~tactically~*~*~ (hiding).
 36053 | Shoals:4 | 36053 ||| INVOKING Heroism.
 36069 | Shoals:4 | Received a gift from Okawaru
 36189 | Shoals:4 | 36189 ||| FLEEEEING.
 36199 | Shoals:4 | 36199 ||| INVOKING Heroism.
 36243 | Shoals:4 | 36243 ||| INVOKING Heroism.
 36244 | Shoals:4 | 36244 ||| INVOKING Finesse.
 36294 | Shoals:4 | 36294 ||| FLEEEEING.
 36295 | Shoals:4 | 36295 ||| FLEEEEING.
 36302 | Shoals:4 | Identified the +5 spear of Tytaj {protect, rElec Str+5
                  | Dex-5} (Okawaru gifted it to you on level 4 of the Shoals)
 36302 | Shoals:4 | Received a gift from Okawaru
 36383 | Shoals:4 | 36383 ||| Stepping ~*~*~tactically~*~*~ (stealth).
 36385 | Shoals:4 | 36385 ||| Stepping ~*~*~tactically~*~*~ (hiding).
 36388 | Shoals:4 | 36388 ||| INVOKING Heroism.
 36418 | Shoals:4 | Identified the +1 falchion of the Charming Sybil {holy, Fly
                  | rPois rC+}
 36469 | Shoals:4 | 36469 ||| Stepping ~*~*~tactically~*~*~ (stealth).
 36472 | Shoals:4 | 36472 ||| Stepping ~*~*~tactically~*~*~ (hiding).
 36506 | Shoals:4 | 36506 ||| INVOKING Heroism.
 36815 | Shoals:4 | 36815 ||| PLANNING VAULTS:1-4
 36824 | Shoals:4 | Identified the +0 flail of Drought {freeze, rN++ Int+3}
 36825 | Shoals:4 | 36825 ||| INVOKING Heroism.
 36826 | Shoals:4 | 36826 ||| INVOKING Finesse.
 37105 | Vaults:1 | Entered Level 1 of the Vaults
 37108 | Vaults:1 | 37108 ||| Stepping ~*~*~tactically~*~*~ (hiding).
 37112 | Vaults:1 | Reached skill level 15 in Fighting
 37272 | Vaults:1 | 37272 ||| Stepping ~*~*~tactically~*~*~ (hiding).
 37273 | Vaults:1 | 37273 ||| INVOKING Heroism.
 37274 | Vaults:1 | 37274 ||| INVOKING Finesse.
 37317 | Vaults:1 | 37317 ||| Stepping ~*~*~tactically~*~*~ (hiding).
 37322 | Vaults:1 | 37322 ||| INVOKING Finesse.
 37482 | Vaults:1 | 37482 ||| Stepping ~*~*~tactically~*~*~ (stealth).
 37502 | Vaults:1 | 37502 ||| READING 2 scrolls of teleportation.
 37673 | Vaults:1 | 37673 ||| INVOKING Heroism.
 37711 | Vaults:1 | 37711 ||| Stepping ~*~*~tactically~*~*~ (hiding).
 37766 | Vaults:1 | 37766 ||| Stepping ~*~*~tactically~*~*~ (stealth).
 37767 | Vaults:1 | 37767 ||| Stepping ~*~*~tactically~*~*~ (stealth).
 37768 | Vaults:1 | 37768 ||| Stepping ~*~*~tactically~*~*~ (stealth).
 37770 | Vaults:1 | Paralysed by a sphinx for 4 turns
 37774 | Vaults:1 | 37774 ||| Stepping ~*~*~tactically~*~*~ (hiding).
 37775 | Vaults:1 | 37775 ||| Stepping ~*~*~tactically~*~*~ (hiding).
 37782 | Vaults:1 | 37782 ||| DRINKING 9 potions of curing.
 37782 | Vaults:1 | 37782 ||| (to cure confusion)
 37961 | Abyss:2  | Found a corrupted altar of Lugonu.
 37961 | Abyss:2  | Cast into level 2 of the Abyss (a wizard)
 37973 | Abyss:2  | Noticed a dread lich
 37974 | Abyss:2  | 37974 ||| Stepping ~*~*~tactically~*~*~ (stealth).
 37976 | Abyss:2  | 37976 ||| Stepping ~*~*~tactically~*~*~ (stealth).
 38024 | Abyss:2  | 38024 ||| Stepping ~*~*~tactically~*~*~ (hiding).
 38025 | Abyss:2  | 38025 ||| Stepping ~*~*~tactically~*~*~ (hiding).
 38029 | Abyss:2  | 38029 ||| INVOKING Heroism.
 38036 | Abyss:2  | 38036 ||| Stepping ~*~*~tactically~*~*~ (hiding).
 38041 | Abyss:2  | 38041 ||| Stepping ~*~*~tactically~*~*~ (stealth).
 38060 | Abyss:2  | 38060 ||| Stepping ~*~*~tactically~*~*~ (stealth).
 38062 | Abyss:2  | 38062 ||| Stepping ~*~*~tactically~*~*~ (hiding).
 38081 | Abyss:2  | 38081 ||| Stepping ~*~*~tactically~*~*~ (hiding).
 38106 | Abyss:2  | 38106 ||| INVOKING Heroism.
 38112 | Abyss:2  | Reached XP level 19. HP: 124/124 MP: 23/26
 38126 | Abyss:2  | 38126 ||| Stepping ~*~*~tactically~*~*~ (stealth).
 38128 | Abyss:2  | 38128 ||| Stepping ~*~*~tactically~*~*~ (hiding).
 38130 | Abyss:2  | 38130 ||| Stepping ~*~*~tactically~*~*~ (hiding).
 38167 | Abyss:2  | 38167 ||| INVOKING Heroism.
 38183 | Abyss:2  | Reached skill level 9 in Throwing
 38183 | Abyss:2  | 38183 ||| Stepping ~*~*~tactically~*~*~ (hiding).
 38201 | Abyss:2  | 38201 ||| DRINKING 8 potions of curing.
 38201 | Abyss:2  | 38201 ||| (to cure confusion)
 38208 | Vaults:1 | Escaped the Abyss
 38215 | Vaults:1 | Identified the -1 pair of boots "Astayh" {+Blink rPois
                  | Dex-5} (Okawaru gifted it to you on level 1 of the Vaults)
 38215 | Vaults:1 | Received a gift from Okawaru
 38221 | Vaults:1 | 38221 ||| INVOKING Heroism.
 38414 | Vaults:1 | 38414 ||| INVOKING Heroism.
 38415 | Vaults:1 | 38415 ||| INVOKING Finesse.
 38488 | Vaults:1 | 38488 ||| INVOKING Heroism.
 38535 | Vaults:1 | 38535 ||| INVOKING Heroism.
 38639 | Vaults:1 | 38639 ||| INVOKING Heroism.
 38651 | Vaults:1 | Reached skill level 19 in Shields
 38701 | Vaults:1 | 38701 ||| Stepping ~*~*~tactically~*~*~ (hiding).
 38702 | Vaults:1 | 38702 ||| Stepping ~*~*~tactically~*~*~ (hiding).
 38893 | Vaults:1 | 38893 ||| Stepping ~*~*~tactically~*~*~ (hiding).
 39116 | Vaults:1 | 39116 ||| Stepping ~*~*~tactically~*~*~ (stealth).
 39118 | Vaults:1 | 39118 ||| INVOKING Heroism.
 39119 | Vaults:1 | 39119 ||| INVOKING Finesse.
 39200 | Vaults:1 | 39200 ||| DROPPING +1 hat.
 39201 | Vaults:1 | 39201 ||| DROPPING -1 pair of boots "Astayh" {+Blink rPois
                  | Dex-5}.
 39242 | Vaults:2 | Found a transporter.
 39253 | Vaults:2 | Found the ring of Shadows {Umbra +Inv Stlth+}
 39255 | Vaults:2 | Found a transporter.
 39304 | Vaults:2 | 39304 ||| Stepping ~*~*~tactically~*~*~ (hiding).
 39307 | Vaults:2 | 39307 ||| Stepping ~*~*~tactically~*~*~ (hiding).
 39311 | Vaults:2 | 39311 ||| INVOKING Heroism.
 39402 | Vaults:2 | 39402 ||| INVOKING Heroism.
 39453 | Vaults:2 | 39453 ||| INVOKING Heroism.
 39454 | Vaults:2 | 39454 ||| INVOKING Finesse.
 39536 | Vaults:2 | 39536 ||| Stepping ~*~*~tactically~*~*~ (stealth).
 39618 | Vaults:2 | 39618 ||| Stepping ~*~*~tactically~*~*~ (hiding).
 39623 | Vaults:2 | 39623 ||| INVOKING Heroism.
 39665 | Vaults:2 | 39665 ||| INVOKING Heroism.
 39666 | Vaults:2 | 39666 ||| INVOKING Finesse.
 39841 | Vaults:2 | 39841 ||| INVOKING Heroism.
 39856 | Vaults:2 | Received a gift from Okawaru
 39936 | Vaults:2 | 39936 ||| Stepping ~*~*~tactically~*~*~ (hiding).
 39940 | Vaults:2 | 39940 ||| FLEEEEING.
 39948 | Vaults:2 | 39948 ||| INVOKING Heroism.
 40239 | Vaults:2 | 40239 ||| Stepping ~*~*~tactically~*~*~ (hiding).
 40475 | Vaults:3 | Received a gift from Okawaru
 40507 | Vaults:3 | 40507 ||| Stepping ~*~*~tactically~*~*~ (hiding).
 40513 | Vaults:3 | 40513 ||| INVOKING Heroism.
 40518 | Vaults:3 | 40518 ||| Stepping ~*~*~tactically~*~*~ (hiding).
 40520 | Vaults:3 | 40520 ||| Stepping ~*~*~tactically~*~*~ (hiding).
 40531 | Vaults:3 | Received a gift from Okawaru
 40559 | Vaults:3 | Reached XP level 20. HP: 97/134 MP: 27/27
 40561 | Vaults:3 | 40561 ||| FLEEEEING.
 40562 | Vaults:3 | 40562 ||| FLEEEEING.
 40563 | Vaults:3 | 40563 ||| FLEEEEING.
 40564 | Vaults:3 | 40564 ||| FLEEEEING.
 40567 | Vaults:3 | 40567 ||| INVOKING Heroism.
 40577 | Vaults:3 | Identified the +1 chain mail of Zousung {Rampage Will+
                  | MP+9} (Okawaru gifted it to you on level 3 of the Vaults)
 40577 | Vaults:3 | Received a gift from Okawaru
 40597 | Vaults:3 | 40597 ||| INVOKING Finesse.
 40611 | Vaults:3 | 40611 ||| INVOKING Heroism.
 40624 | Vaults:3 | 40624 ||| FLEEEEING.
 40625 | Vaults:3 | 40625 ||| FLEEEEING.
 40626 | Vaults:3 | 40626 ||| FLEEEEING.
 40847 | Vaults:3 | 40847 ||| Stepping ~*~*~tactically~*~*~ (hiding).
 40923 | Vaults:3 | 40923 ||| INVOKING Heroism.
 40924 | Vaults:3 | 40924 ||| INVOKING Finesse.
 40965 | Vaults:3 | 40965 ||| Stepping ~*~*~tactically~*~*~ (stealth).
 41000 | Vaults:3 | 41000 ||| Stepping ~*~*~tactically~*~*~ (hiding).
 41001 | Vaults:3 | 41001 ||| Stepping ~*~*~tactically~*~*~ (hiding).
 41125 | Vaults:3 | 41125 ||| Stepping ~*~*~tactically~*~*~ (stealth).
 41126 | Vaults:3 | 41126 ||| Stepping ~*~*~tactically~*~*~ (stealth).
 41127 | Vaults:3 | 41127 ||| Stepping ~*~*~tactically~*~*~ (stealth).
 41128 | Vaults:3 | 41128 ||| INVOKING Heroism.
 41131 | Vaults:3 | 41131 ||| Stepping ~*~*~tactically~*~*~ (stealth).
 41289 | Vaults:3 | Found Ahamnip's Book Boutique.
 41327 | Vaults:3 | Reached skill level 18 in Fighting
 41439 | Vaults:3 | 41439 ||| READING 2 scrolls of enchant armour.
 41439 | Vaults:3 | 41439 ||| ENCHANTING +1 pair of gloves of dexterity.
 41525 | Vaults:3 | Found a staircase to the Crypt.
 41537 | Vaults:3 | Identified the +3 tower shield "Nefomn" {Contam rF+ Dex+4}
                  | (Okawaru gifted it to you on level 3 of the Vaults)
 41537 | Vaults:3 | Received a gift from Okawaru
 41666 | Vaults:3 | 41666 ||| Stepping ~*~*~tactically~*~*~ (hiding).
 41667 | Vaults:3 | 41667 ||| Stepping ~*~*~tactically~*~*~ (hiding).
 41668 | Vaults:3 | 41668 ||| Stepping ~*~*~tactically~*~*~ (hiding).
 41909 | Vaults:3 | Found a runed translucent gate.
 41909 | Vaults:3 | Found a runed translucent gate.
 41909 | Vaults:3 | Found a runed translucent gate.
 41911 | Vaults:3 | Noticed howech's ghost (veteran MiGl)
 41912 | Vaults:3 | Found an iron altar of Okawaru.
 41914 | Vaults:3 | 41914 ||| UPGRADING to +3 tower shield "Nefomn" {Contam rF+
                  | Dex+4}.
 41924 | Vaults:3 | 41924 ||| DROPPING +1 tower shield of positive energy.
 41999 | Vaults:4 | 41999 ||| INVOKING Heroism.
 42030 | Vaults:4 | Found Lerphas's Distillery.
 42040 | Vaults:4 | 42040 ||| BUYING potion of attraction (57 gold).
 42040 | Vaults:4 | Bought a potion of attraction for 57 gold pieces
 42040 | Vaults:4 | 42040 ||| BUYING potion of curing (57 gold).
 42040 | Vaults:4 | Bought a potion of curing for 57 gold pieces
 42040 | Vaults:4 | 42040 ||| BUYING potion of lignification (57 gold).
 42040 | Vaults:4 | Bought a potion of lignification for 57 gold pieces
 42040 | Vaults:4 | 42040 ||| BUYING potion of might (76 gold).
 42040 | Vaults:4 | Bought a potion of might for 76 gold pieces
 42040 | Vaults:4 | 42040 ||| BUYING potion of might (76 gold).
 42040 | Vaults:4 | Bought a potion of might for 76 gold pieces
 42040 | Vaults:4 | 42040 ||| BUYING potion of mutation (152 gold).
 42040 | Vaults:4 | Bought a potion of mutation for 152 gold pieces
 42136 | Vaults:4 | 42136 ||| INVOKING Heroism.
 42315 | Vaults:4 | Noticed Rupert
 42316 | Vaults:4 | 42316 ||| INVOKING Heroism.
 42319 | Vaults:4 | Killed Rupert
 42320 | Vaults:4 | Noticed Margery
 42320 | Vaults:4 | Noticed Frederick
 42323 | Vaults:4 | 42323 ||| INVOKING Finesse.
 42336 | Vaults:4 | Paralysed by something for 2 turns
 42343 | Vaults:4 | HP: 29/136 [Frederick/iron shot (24)]
 42344 | Vaults:4 | Reached skill level 9 in Dodging
 42344 | Vaults:4 | 42344 ||| READING 2 scrolls of teleportation.
 42344 | Vaults:4 | Killed Frederick
 42345 | Vaults:4 | 42345 ||| DRINKING 7 potions of heal wounds.
 42438 | Vaults:4 | 42438 ||| INVOKING Heroism.
 42463 | Vaults:4 | 42463 ||| Stepping ~*~*~tactically~*~*~ (hiding).
 42464 | Vaults:4 | 42464 ||| Stepping ~*~*~tactically~*~*~ (hiding).
 42467 | Vaults:4 | 42467 ||| Stepping ~*~*~tactically~*~*~ (hiding).
 42725 | Vaults:4 | 42725 ||| Stepping ~*~*~tactically~*~*~ (hiding).
 42728 | Vaults:4 | 42728 ||| INVOKING Heroism.
 42828 | Vaults:4 | Found a runed translucent door.
 42828 | Vaults:4 | Found a shimmering altar of Xom.
 42828 | Vaults:4 | Found the +10 dark maul {vorpal}
 42828 | Vaults:4 | Noticed Adoajy's ghost (adept DsWr)
 42856 | Vaults:4 | Killed Margery
 42857 | Vaults:4 | Reached XP level 21. HP: 126/141 MP: 28/28
 43013 | Vaults:4 | 43013 ||| Stepping ~*~*~tactically~*~*~ (hiding).
 43185 | Vaults:4 | 43185 ||| PLANNING SNAKE:4
 43569 | Snake:4  | Entered Level 4 of the Snake Pit
 43613 | Snake:4  | Reached skill level 20 in Shields
 43618 | Snake:4  | 43618 ||| Stepping ~*~*~tactically~*~*~ (hiding).
 43620 | Snake:4  | 43620 ||| Stepping ~*~*~tactically~*~*~ (stealth).
 43628 | Snake:4  | Received a gift from Okawaru
 43731 | Snake:4  | 43731 ||| Stepping ~*~*~tactically~*~*~ (stealth).
 43733 | Snake:4  | 43733 ||| Stepping ~*~*~tactically~*~*~ (hiding).
 43742 | Snake:4  | 43742 ||| Stepping ~*~*~tactically~*~*~ (hiding).
 43746 | Snake:4  | 43746 ||| INVOKING Heroism.
 43897 | Snake:4  | 43897 ||| INVOKING Heroism.
 43913 | Snake:4  | 43913 ||| Stepping ~*~*~tactically~*~*~ (hiding).
 43915 | Snake:4  | 43915 ||| Stepping ~*~*~tactically~*~*~ (hiding).
 43918 | Snake:4  | 43918 ||| Stepping ~*~*~tactically~*~*~ (hiding).
 43927 | Snake:4  | 43927 ||| INVOKING Heroism.
 44056 | Snake:4  | 44056 ||| Stepping ~*~*~tactically~*~*~ (hiding).
 44106 | Snake:4  | 44106 ||| INVOKING Heroism.
 44381 | Snake:4  | 44381 ||| Stepping ~*~*~tactically~*~*~ (hiding).
 44390 | Snake:4  | 44390 ||| INVOKING Heroism.
 44393 | Snake:4  | 44393 ||| Stepping ~*~*~tactically~*~*~ (hiding).
 44432 | Snake:4  | Received a gift from Okawaru
 44563 | Snake:4  | Got a serpentine rune of Zot
 44594 | Snake:4  | 44594 ||| Stepping ~*~*~tactically~*~*~ (hiding).
 44837 | Snake:4  | 44837 ||| PLANNING DEPTHS
 45156 | Depths:1 | Entered Level 1 of the Depths
 45157 | Depths:1 | 45157 ||| INVOKING Heroism.
 45158 | Depths:1 | 45158 ||| INVOKING Finesse.
 45192 | Depths:1 | Noticed Nikola
 45202 | Depths:1 | Killed Nikola
 45247 | Depths:1 | 45247 ||| DRINKING 11 potions of curing.
 45247 | Depths:1 | 45247 ||| (to cure confusion)
 45248 | Depths:1 | 45248 ||| INVOKING Heroism.
 45250 | Depths:1 | 45250 ||| DRINKING 10 potions of curing.
 45250 | Depths:1 | 45250 ||| (to cure confusion)
 45252 | Depths:1 | 45252 ||| DRINKING 9 potions of curing.
 45252 | Depths:1 | 45252 ||| (to cure confusion)
 45253 | Depths:1 | 45253 ||| DRINKING 8 potions of curing.
 45253 | Depths:1 | 45253 ||| (to cure confusion)
 45255 | Depths:1 | Reached skill level 15 in Armour
 45256 | Depths:1 | 45256 ||| DRINKING 7 potions of curing.
 45256 | Depths:1 | 45256 ||| (to cure confusion)
 45258 | Depths:1 | 45258 ||| READING 2 scrolls of teleportation.
 45259 | Depths:1 | 45259 ||| Stepping randomly (stuck).
 45282 | Depths:1 | 45282 ||| INVOKING Heroism.
 45335 | Depths:1 | Identified the +5 plate armour of Experimentation {rN+
                  | Str+3} (Okawaru gifted it to you on level 1 of the Depths)
 45335 | Depths:1 | Received a gift from Okawaru
 45351 | Depths:1 | 45351 ||| INVOKING Heroism.
 45371 | Depths:2 | 45371 ||| INVOKING Finesse.
 45381 | Depths:2 | 45381 ||| Stepping ~*~*~tactically~*~*~ (hiding).
 45473 | Depths:2 | 45473 ||| Stepping ~*~*~tactically~*~*~ (stealth).
 45474 | Depths:2 | 45474 ||| Stepping ~*~*~tactically~*~*~ (stealth).
 45503 | Depths:2 | 45503 ||| Stepping ~*~*~tactically~*~*~ (stealth).
 45504 | Depths:2 | 45504 ||| Stepping ~*~*~tactically~*~*~ (stealth).
 45505 | Depths:2 | 45505 ||| Stepping ~*~*~tactically~*~*~ (stealth).
 45564 | Depths:2 | Found a gateway to Hell.
 45576 | Depths:2 | 45576 ||| INVOKING Heroism.
 45577 | Depths:2 | 45577 ||| INVOKING Finesse.
 45583 | Depths:2 | 45583 ||| Stepping ~*~*~tactically~*~*~ (hiding).
 45584 | Depths:2 | 45584 ||| Stepping ~*~*~tactically~*~*~ (hiding).
 45595 | Depths:2 | 45595 ||| Stepping ~*~*~tactically~*~*~ (hiding).
 45729 | Depths:2 | 45729 ||| Stepping ~*~*~tactically~*~*~ (stealth).
 45802 | Depths:2 | 45802 ||| INVOKING Heroism.
 45857 | Depths:2 | You are sucked into a shaft and drop 2 floors!
 45857 | Depths:4 | Entered Level 4 of the Depths
 45857 | Depths:4 | Noticed a bone dragon
 45857 | Depths:4 | Noticed a golden dragon
 45858 | Depths:4 | 45858 ||| INVOKING Heroism.
 45859 | Depths:4 | 45859 ||| INVOKING Finesse.
 45859 | Depths:4 | Paralysed by a vampire knight for 5 turns
 45868 | Depths:4 | Paralysed by a vampire knight for 4 turns
 45873 | Depths:4 | 45873 ||| DRINKING 7 potions of curing.
 45873 | Depths:4 | 45873 ||| (to cure confusion)
 45876 | Depths:4 | Killed a golden dragon
 45891 | Depths:4 | Killed a bone dragon
 45900 | Depths:4 | Reached XP level 22. HP: 58/152 MP: 25/29
 45902 | Depths:4 | Noticed a caustic shrike
 45913 | Depths:4 | Noticed a caustic shrike
 45913 | Depths:4 | Noticed a caustic shrike
 45932 | Depths:4 | 45932 ||| INVOKING Heroism.
 45943 | Depths:4 | Killed a caustic shrike
 45951 | Depths:4 | Killed a caustic shrike
 45951 | Depths:4 | Identified the +0 robe of the Forest {rC+ Will+ Stlth+}
                  | (Okawaru gifted it to you on level 4 of the Depths)
 45951 | Depths:4 | Received a gift from Okawaru
 45957 | Depths:4 | Killed a caustic shrike
 45971 | Depths:4 | 45971 ||| INVOKING Finesse.
 46092 | Depths:4 | Found a gate to the Realm of Zot.
 46093 | Depths:4 | Noticed a golden dragon
 46094 | Depths:4 | 46094 ||| INVOKING Heroism.
 46095 | Depths:4 | 46095 ||| INVOKING Finesse.
 46109 | Depths:4 | Killed a golden dragon
 46202 | Depths:3 | 46202 ||| INVOKING Heroism.
 46203 | Depths:3 | 46203 ||| INVOKING Finesse.
 46209 | Depths:3 | 46209 ||| Stepping ~*~*~tactically~*~*~ (stealth).
 46242 | Depths:3 | Found a stormy altar of Qazlal.
 46311 | Depths:3 | 46311 ||| INVOKING Heroism.
 46328 | Depths:3 | 46328 ||| Stepping ~*~*~tactically~*~*~ (stealth).
 46489 | Depths:2 | 46489 ||| Stepping ~*~*~tactically~*~*~ (hiding).
 46490 | Depths:2 | 46490 ||| Stepping ~*~*~tactically~*~*~ (hiding).
 46495 | Depths:2 | 46495 ||| INVOKING Heroism.
 46589 | Depths:2 | 46589 ||| INVOKING Heroism.
 46594 | Depths:2 | Reached skill level 21 in Shields
 46671 | Depths:2 | Found a hide-covered altar of Uskayaw.
 46753 | Depths:2 | Noticed a golden dragon
 46754 | Depths:2 | 46754 ||| Stepping ~*~*~tactically~*~*~ (stealth).
 46755 | Depths:2 | 46755 ||| Stepping ~*~*~tactically~*~*~ (stealth).
 46759 | Depths:2 | 46759 ||| Stepping ~*~*~tactically~*~*~ (hiding).
 46760 | Depths:2 | 46760 ||| INVOKING Heroism.
 46761 | Depths:2 | 46761 ||| INVOKING Finesse.
 46766 | Depths:2 | Killed a golden dragon
 46919 | Depths:2 | 46919 ||| INVOKING Heroism.
 46920 | Depths:2 | 46920 ||| INVOKING Finesse.
 47409 | Depths:1 | 47409 ||| INVOKING Heroism.
 47410 | Depths:1 | 47410 ||| INVOKING Finesse.
 47410 | Depths:1 | Noticed Sojobo
 47420 | Depths:1 | Noticed Mara
 47439 | Depths:1 | Noticed qw's illusion
 47444 | Depths:1 | HP: 21/153 [tengu reaver/bolt of cold[Sojobo] (37)]
 47445 | Depths:1 | 47445 ||| READING 3 scrolls of teleportation.
 47445 | Depths:1 | Paralysed by a floating eye for 3 turns
 47446 | Depths:1 | HP: 3/153 [tengu reaver/+3 battleaxe[Sojobo] (12)]
 47447 | Depths:1 | HP: 1/153 [hell knight/+1 demon trident of pain (1)]
 47447 | Depths:1 | Slain by a tengu reaver

Levels and vault maps discovered:
D:1:      dpeg_arrival_rooms_with_view, layout_basic
D:2:      minmay_angry_zag, layout_loops_ring, minmay_3d_cube
D:3:      layout_basic, basic_ecumenical_altar
D:4:      layout_rooms, gammafunk_ghost_smash
D:5:      layout_layer_cave, minmay_temple_entry_offerings,
          portal_sewer_entry_a, gammafunk_ghost_mausoleum, nrook_pool_corridor
D:6:      layout_basic, hangedman_decor_push, lemuel_flamethrower_2
D:7:      layout_basic, lemuel_mausoleum_altar_yredelemnul, uniq_menkaure
D:8:      layout_gridville, uniq_pikel
D:9:      layout_loops_cross, lair_entry_dummy, david_orc_4, enter_bailey_3,
          special_room [special_room_bee]
D:10:     layout_irregular_city, grunt_temple_overflow_open
D:11:     evilmike_iron_armoury, layout_basic, gauntlet_entry_generic,
          kennysheep_okawaru_gauntlet
D:12:     minmay_the_grid_triangle_9x9_rhombus_thin_mashed
          [minmay_the_grid_triangle_9x9_corruption,
          minmay_the_grid_triangle_9x9_prize_schism,
          minmay_the_grid_triangle_9x9_swiss_cheese,
          minmay_the_grid_triangle_9x9_sprig], layout_cave_pools,
          ebering_ghost_reflecting_pool, serial_column_ruins,
          column_ruins_pillar_2, column_ruins_pillar_6, column_ruins_pillar_2,
          column_ruins_pillar_2, column_ruins_pillar_1, column_ruins_pillar_1,
          column_ruins_pillar_2, column_ruins_pillar_1, column_ruins_pillar_3,
          column_ruins_pillar_9, column_ruins_pillar_1, column_ruins_pillar_1,
          column_ruins_pillar_1, column_ruins_pillar_3, column_ruins_pillar_3,
          column_ruins_pillar_6, column_ruins_pillar_1, column_ruins_pillar_4,
          column_ruins_pillar_2, column_ruins_pillar_1, minmay_more_statues
D:13:     layout_cave_pools, serial_shops, nicolae_shop_trees,
          serial_co_window_serial, co_window_corner_a, co_window_paths_a,
          co_window_paths_b, co_window_paths_a, co_window_cross_1,
          co_window_of_opportunity_a, co_window_cross_2, co_window_cross_3,
          co_window_corner_b, co_window_paths_e, co_window_4corner_a,
          hangedman_abyss_or_decor_stagger
D:14:     layout_basic, grunt_vaults_entry_fortified,
          chequers_serial_rivers_small_a, minmay_hollow_rounded_squares,
          uniq_josephine
D:15:     gammafunk_enter_depths_forms, layout_gridville,
          nicolae_ru_sacrificial_ziggurat, gammafunk_ghost_stat_death
Temple:   nicolae_temple_bog_church
Lair:1:   layout_regular_city
Lair:2:   layout_loops_ring, minivault_11, uniq_gastronok, uniq_erica
Lair:3:   layout_concentric_octagons, minmay_shoals_entry_hut,
          guppyfry_snake_entry_island, disabler_island, serial_bayou_shore_b
Lair:4:   layout_misc_corridors, portal_ice_cave_demonic_guard,
          grunt_megastairs_3, infiniplex_staircase_pool, serial_bayou_shore_a
Lair:5:   minmay_lair_end_frog_pond, layout_long_grid, slime_entry_1
Shoals:1: layout_shoals, st_sunken_huts
Shoals:2: layout_shoals, gammafunk_ghost_berserking_beasts,
          nicolae_shop_self_help, uniq_ilsuiw
Shoals:3: layout_shoals, ebering_ghost_gozag, uniq_polyphemus
Shoals:4: shoals_end_grunt_ice, layout_shoals
Snake:1:  layout_layer_cave, serial_nicolae_subway, nicolae_sub_station_crystal,
          nicolae_sub_station_stone, nicolae_sub_station_metal
Snake:2:  layout_cave_pods, basic_altar, uniq_aizul
Snake:3:  layout_onion_interference, serial_shops, nicolae_shop_crystal,
          nicolae_shop_crystal, nicolae_shop_competitors_out_of_business
Snake:4:  minmay_snake_end_coiled, layout_grid_maze, nicolae_snake_snake_lake
Orc:1:    layout_diamond_mine, serial_shops, nicolae_square_shop,
          nicolae_shop_hallway_plus
Orc:2:    pf_orc_diabolical, layout_diamond_mine, biasface_ghost_orc_armoury
Vaults:1: hangedman_vaults_stretched_pinwheel, serial_ice_g,
          vaults_mumra_bighexcomb, v_alt_pattern_4, dpeg_vaults_monster_row,
          ontoclasm_vaults_idyll, grunt_vaults_funnel, grunt_vaults_swirl,
          hangedman_vaults_capsules, vaults_room_ringed_pool, v_misc_1,
          vaults_dpeg_emergency_exit, layout_vaults_omnicross
Vaults:2: gammafunk_sealed_arena, ontoclasm_vaults_eye,
          nicolae_vaults_yaktaur_gun_rack, vaults_room_fancy_cross,
          ontoclasm_vaults_decontamination, hangedman_vaults_restitches,
          v_pattern_2, nicolae_vaults_twisting_passages, v_misc_27,
          hangedman_vaults_stretched_pinwheel, ontoclasm_vaults_gateway,
          layout_vaults_big_room
Vaults:3: gammafunk_ghost_fury_of_okawaru, nicolae_vaults_disjoint_gnomons,
          minmay_crypt_entry_simple_round, hangedman_vaults_maws,
          ontoclasm_vaults_fault, v_misc_3, nicolae_vaults_theta,
          ontoclasm_vaults_ring_small, v_pattern_3, st_lines, vaults_mumra_hex,
          nicolae_vaults_shelves_hall, layout_vaults_maze_snakey, serial_shops,
          shop
Vaults:4: ebering_ghost_xom, nicolae_vaults_little_squares_1,
          hangedman_vaults_pinch, v_misc_8, v_misc_25, sword_in_stone,
          v_rooms_5, hangedman_vaults_restitches, hangedman_vaults_restitches,
          vaults_room_fours, layout_vaults_omnigrid, serial_shops, shop,
          uniq_margery
Depths:1: layout_cave_shapes, marbit_kobold_abyss_entry, hellmouth_2,
          amcnicky_mini_rare_corridor_liquid, hangedman_eye_storm, uniq_sojobo,
          uniq_nikola, uniq_mara
Depths:2: minmay_octagon_keep, layout_basic, hell_entry, basic_altar, pan_entry,
          kennysheep_inner_square
Depths:3: kennysheep_funnel, layout_gridlike, enter_ziggurat_a,
          hangedman_decor_riveting, hangedman_coc_ice_floe,
          abyss_entry_small_statue_room, nicolae_qazlal_scattered_showers,
          minmay_staircase_bubble, minmay_shop_grove
Depths:4: evilmike_zot_entry_diamond, layout_cross, rand_demon_pan_entry_8,
          abyss_entry, hex_medium, hell_entry

Skill      XL: |  1  2  3  4  5  6  7  8  9 10 11 12 13 14 15 16 17 18 19 20 21 22 |
---------------+-------------------------------------------------------------------+-----
Axes           | 2 3 5 6 7 9 10 11 12 14 15 16 17 18 | 18.0
Fighting       | 4 5 6 8 9 10 11 12 13 15 17 18 20 | 20.8
Dodging        | 1 2 3 5 7 8 9 10 11 | 11.0
Shields        | 6 7 8 9 12 14 15 16 17 18 19 20 21 | 21.0
Invocations    | 1 4 5 9 10 | 10.2
Armour         | 5 6 7 8 10 11 12 13 14 15 16 | 16.0
Throwing       | 1 3 4 5 6 7 8 9 10 | 10.0

Action                   |  1- 3 |  4- 6 |  7- 9 | 10-12 | 13-15 | 16-18 | 19-21 | 22-24 || total
-------------------------+-------+-------+-------+-------+-------+-------+-------+-------++-------
Melee: War axe           |   128 |   120 |   340 |   289 |     9 |       |       |       ||   886
       Broad axe         |       |       |       |   184 |  1117 |  1421 |  1229 |   252 ||  4203
       Morningstar       |       |       |       |       |    24 |       |       |       ||    24
Throw: Boomerang         |       |     8 |     1 |    24 |    15 |       |       |       ||    48
       Javelin           |       |       |       |    21 |   115 |   114 |    67 |    23 ||   340
Invok: Heroism           |       |       |     4 |    26 |    44 |    45 |    36 |     9 ||   164
       Finesse           |       |       |       |     5 |    12 |    12 |    11 |     6 ||    46
  Use: Scroll            |     2 |    10 |     6 |     6 |    12 |     4 |     3 |     1 ||    44
       Potion            |     1 |     1 |     2 |     1 |     1 |     3 |     8 |       ||    17
 Stab: Distracted        |       |       |     1 |       |       |       |       |       ||     1
       Petrifying        |       |       |       |       |       |     1 |       |       ||     1
       Petrified         |       |       |       |       |       |     1 |       |       ||     1
Armor: Scale mail        |    61 |    62 |       |       |       |       |       |       ||   123
       Chain mail        |       |    13 |    81 |       |       |    98 |   277 |    85 ||   554
       Plate armour      |       |       |    47 |   136 |   344 |   245 |       |       ||   772
Dodge: Dodged            |    53 |    52 |    58 |    70 |   179 |   328 |   296 |    65 ||  1101
Block: Buckler           |    35 |    22 |       |       |       |       |       |       ||    57
       Kite shield       |       |     4 |   224 |   234 |       |       |       |       ||   462
       Reflection        |       |       |     1 |     1 |    61 |    91 |    75 |     7 ||   236
       Tower shield      |       |       |       |    65 |  1100 |  1416 |  1054 |   224 ||  3859

Table legend:
 A = Non-vault XP
 B = Vault XP
 C = Vault XP percentage of total XP
 D = Non-vault monster count
 E = Vault monster count
 F = Vault count percentage of total count
                 A         B        C        D         E       F
            +---------+---------+-------+---------+---------+-------
      Total |  388287 |  270864 |  41.1 |     957 |     549 |  36.5
            +---------+---------+-------+---------+---------+-------
        D:1 |      29 |       2 |   6.5 |      16 |       2 |  11.1
        D:2 |      48 |      10 |  17.2 |      14 |       4 |  22.2
        D:3 |     264 |       0 |   0.0 |      30 |       0 |   0.0
        D:4 |     249 |       0 |   0.0 |      13 |       0 |   0.0
        D:5 |     895 |      13 |   1.4 |      16 |       1 |   5.9
        D:6 |     850 |       0 |   0.0 |      15 |       0 |   0.0
        D:7 |     943 |     886 |  48.4 |      13 |      13 |  50.0
        D:8 |    1687 |     663 |  28.2 |      16 |       1 |   5.9
        D:9 |    3185 |    1951 |  38.0 |      30 |      34 |  53.1
       D:10 |    3826 |       0 |   0.0 |      31 |       0 |   0.0
       D:11 |    3211 |    4795 |  59.9 |      21 |      19 |  47.5
       D:12 |    5522 |    7578 |  57.8 |      15 |      13 |  46.4
       D:13 |    5285 |       0 |   0.0 |      13 |       0 |   0.0
       D:14 |    6016 |   16019 |  72.7 |      11 |      26 |  70.3
       D:15 |   16664 |    5323 |  24.2 |      39 |       9 |  18.8
     Lair:1 |    6657 |       0 |   0.0 |      19 |       0 |   0.0
     Lair:2 |    5009 |    2448 |  32.8 |      23 |       2 |   8.0
     Lair:3 |   12127 |    5857 |  32.6 |      48 |      17 |  26.2
     Lair:4 |    3141 |     896 |  22.2 |      10 |       3 |  23.1
     Lair:5 |    8207 |    9951 |  54.8 |      26 |      36 |  58.1
   Shoals:1 |   18457 |    6182 |  25.1 |      34 |       9 |  20.9
   Shoals:2 |   21740 |    3067 |  12.4 |      41 |       4 |   8.9
   Shoals:3 |   10468 |    5665 |  35.1 |      19 |       6 |  24.0
   Shoals:4 |    6606 |   15843 |  70.6 |      16 |      24 |  60.0
    Snake:1 |    6959 |       0 |   0.0 |      15 |       0 |   0.0
    Snake:2 |   14319 |    1183 |   7.6 |      29 |       1 |   3.3
    Snake:3 |   18654 |       0 |   0.0 |      41 |       0 |   0.0
    Snake:4 |   11812 |   18377 |  60.9 |      25 |      33 |  56.9
      Orc:1 |    4368 |       0 |   0.0 |      42 |       0 |   0.0
      Orc:2 |    2723 |   16607 |  85.9 |      21 |      67 |  76.1
   Vaults:1 |   20741 |   22197 |  51.7 |      26 |      29 |  52.7
   Vaults:2 |   15377 |   15761 |  50.6 |      20 |      28 |  58.3
   Vaults:3 |   16225 |   46347 |  74.1 |      27 |      59 |  68.6
   Vaults:4 |   12666 |   32193 |  71.8 |      19 |      32 |  62.7
   Depths:1 |   36047 |    3028 |   7.7 |      41 |       3 |   6.8
   Depths:2 |   33855 |    9787 |  22.4 |      41 |      10 |  19.6
   Depths:3 |    8352 |       0 |   0.0 |      12 |       0 |   0.0
   Depths:4 |   28638 |   13876 |  32.6 |      29 |      10 |  25.6
    Abyss:2 |   16465 |       0 |   0.0 |      40 |       0 |   0.0
      Sewer |       0 |     299 | 100.0 |       0 |      38 | 100.0
   Gauntlet |       0 |    4060 | 100.0 |       0 |      16 | 100.0
            +---------+---------+-------+---------+---------+-------
